 Dungeon Crawl Stone Soup version 0.30-a0-364-gf6b3ef1049 (webtiles) character file.

Game seed: 7984565320403850882

19291668 sleeves the Thanatomancer (level 27, 152/213 HPs)
             Began as a Demonspawn Monk on Nov 16, 2022.
             Was a High Priest of Okawaru.
             Escaped with the Orb
             ... and 15 runes!
             The game lasted 03:22:39 (79395 turns).

sleeves the Thanatomancer (Demonspawn Monk)        Turns: 79395, Time: 03:22:39

Health: 152/213    AC: 34    Str: 13    XL:     27
Magic:  40/47      EV: 28    Int: 16    God:    Okawaru [*****.]
Gold:   11371      SH:  0    Dex: 35    Spells: 29/66 levels left

rFire   + + +      SeeInvis +    a - +7 triple sword "Agruceak" {god gift, vorpal, Dex+3}
rCold   + + .      Faith    .    (shield currently unavailable)
rNeg    + + .      Spirit   +    p - +8 chain mail of Honyewepp {rF++ rN++ Stlth-}
rPois   +          Reflect  .    (helmet unavailable)
rElec   +          Harm     .    E - +0 cloak "Jelyngeam" {rC++}
rCorr   +          Rampage  .    U - +2 pair of gloves of Limitation {god gift, Contam rElec rF+ Slay+5}
Will    +++..      Clarity  +    V - +2 pair of boots "Wywone Pevo" {rPois Slay+3}
Stlth   ++........               o - amulet of regeneration
HPRegen 1.35/turn                Y - ring of Makhleb's Benevolence {rF+ Dex+6 Slay+2 SInv}
MPRegen 0.60/turn                I - ring of resist corrosion

@: mighty, finesse-ful, studying 3 skills, repel missiles
A: horns 3, repulsion field 3, hurl damnation, spiny 3, torment resistance 1,
magic shield, magic regeneration, magic link, demonic willpower, talons 1,
clarity, clever 1, MP-powered wands
0: Orb of Zot
}: 15/15 runes: decaying, serpentine, slimy, silver, golden, iron, obsidian,
icy, bone, abyssal, demonic, glowing, magical, fiery, dark
a: Hurl Damnation, Renounce Religion, Heroism, Finesse, Duel


You escaped.
You worshipped Okawaru.
Okawaru was extremely pleased with you.
You visited 18 branches of the dungeon, and saw 87 of its levels.
You visited Pandemonium 2 times, and saw 12 of its levels.
You visited the Abyss 5 times.
You visited 1 bazaar.
You also visited: Ossuary, Ice Cave, Volcano and Wizlab.

You collected 13228 gold pieces.
You spent 1857 gold pieces at shops.

Inventory:

Hand Weapons
 a - the +7 triple sword "Agruceak" (weapon) {god gift, vorpal, Dex+3}
   (Okawaru gifted it to you on level 4 of the Lair of Beasts)

   It inflicts extra damage upon your enemies.
   Dex:       It affects your dexterity (+3).
 b - a +9 vorpal triple crossbow {god gift}
   (Okawaru gifted it to you on level 1 of the Depths)
 n - the +7 Spriggan's Knife {stab, EV+4 Stlth+}
   (You found it on level 7 of the Iron City of Dis)

   It is more effective when stabbing unaware enemies, sometimes treating them
   as though they were completely helpless.
   EV:        It affects your evasion (+4).
   Stlth:     It makes you more stealthy.
Armour
 p - the +8 chain mail of Honyewepp (worn) {rF++ rN++ Stlth-}
   (You found it on level 2 of the Swamp)

   rF:        It greatly protects you from fire.
   rN:        It greatly protects you from negative energy.
   Stlth:     It makes you less stealthy.
 q - the +4 scale mail of the Seven of Wands {god gift, rElec Will+ Str+9}
   (Okawaru gifted it to you on level 3 of the Vaults)

   Str:       It affects your strength (+9).
   rElec:     It insulates you from electricity.
   Will:      It increases your willpower.
 C - the +1 cloak "Qoant" {rC+ rN++ Str+4}
   (You found it in a wizard's laboratory)

   Str:       It affects your strength (+4).
   rC:        It protects you from cold.
   rN:        It greatly protects you from negative energy.
 E - the +0 cloak "Jelyngeam" (worn) {rC++}
   (You bought it in a shop in a bazaar)

   rC:        It greatly protects you from cold.
 U - the +2 pair of gloves of Limitation (worn) {god gift, Contam rElec rF+ Slay+5}
   (Okawaru gifted it to you on level 2 of the Elven Halls)

   Slay:      It affects your accuracy & damage with ranged weapons and melee
   (+5).
   rF:        It protects you from fire.
   rElec:     It insulates you from electricity.
   Contam:    It causes magical contamination when unequipped.
 V - the +2 pair of boots "Wywone Pevo" (worn) {rPois Slay+3}
   (You acquired it on level 3 of the Snake Pit)

   Slay:      It affects your accuracy & damage with ranged weapons and melee
   (+3).
   rPois:     It protects you from poison.
 W - the +4 pair of gloves of Masochism {god gift, rC++}
   (Okawaru gifted it to you on level 13 of the Dungeon)

   rC:        It greatly protects you from cold.
 X - the +11 gold dragon scales of the Wild Haggis {rPois rF+ rC+ Regen+}
   (You found it on level 4 of the Realm of Zot)

   rF:        It protects you from fire.
   rC:        It protects you from cold.
   rPois:     It protects you from poison.
   Regen:     It increases your rate of health regeneration.
Jewellery
 o - an amulet of regeneration (around neck)
   (You found it on level 5 of the Lair of Beasts)
 D - the amulet "Ijienuli" {Spirit rElec Str+4 Dex-2}
   (You took it off a spriggan berserker on level 2 of the Depths)

   [amulet of guardian spirit]

   It causes incoming damage to be divided between your reserves of health and
   magic.
   Str:       It affects your strength (+4).
   Dex:       It affects your dexterity (-2).
   rElec:     It insulates you from electricity.
 I - a ring of resist corrosion (right hand)
   (You found it on level 2 of the Elven Halls)
 P - the amulet of Daukk {Spirit Fragile rC+ Will+ Str+2}
   (You took it off a deep elf annihilator on level 2 of the Depths)

   [amulet of guardian spirit]

   It causes incoming damage to be divided between your reserves of health and
   magic.
   Str:       It affects your strength (+2).
   rC:        It protects you from cold.
   Fragile:   It will be destroyed if unequipped.
   Will:      It increases your willpower.
 Q - the ring of Ahutadapt {Wiz rC+ rCorr MP+9}
   (You found it on level 7 of Tartarus)

   [ring of wizardry]

   It improves your spell success rate.
   rC:        It protects you from cold.
   MP:        It affects your magic capacity (+9).
   rCorr:     It protects you from acid and corrosion.
 R - the amulet "Mivuem" {RegenMP rElec rN+}
   (You found it in Pandemonium)

   [amulet of magic regeneration]

   It increases your rate of magic regeneration.
   rElec:     It insulates you from electricity.
   rN:        It protects you from negative energy.
 S - a ring of willpower
   (You found it on level 15 of the Dungeon)
 Y - the ring of Makhleb's Benevolence (left hand) {rF+ Dex+6 Slay+2 SInv}
   (You took it off a deep elf annihilator on level 3 of the Elven Halls)

   [ring of protection from fire]

   Dex:       It affects your dexterity (+6).
   Slay:      It affects your accuracy & damage with ranged weapons and melee
   (+2).
   rF:        It protects you from fire.
   SInv:      It lets you see invisible.
Wands
 j - a wand of acid (46)
   (You took it off a gnoll on level 5 of the Dungeon)
 H - a wand of roots (71)
   (You found it on level 6 of the Dungeon)
 Z - a wand of digging (12)
   (You found it on level 3 of the Snake Pit)
Scrolls
 e - 9 scrolls of poison
 i - 3 scrolls of silence
 k - a scroll of magic mapping
 t - 8 scrolls of immolation
 v - 16 scrolls of vulnerability
 x - 4 scrolls of enchant weapon
 y - 13 scrolls of teleportation
 B - 11 scrolls of amnesia
 J - 3 scrolls of torment
 L - 8 scrolls of fear
 M - 12 scrolls of enchant armour
 T - 6 scrolls of brand weapon
Potions
 c - 3 potions of ambrosia
 f - 15 potions of curing
 h - 7 potions of magic
 l - 2 potions of heal wounds
 m - 10 potions of mutation
 r - 10 potions of brilliance
 s - 2 potions of resistance
 u - 10 potions of flight
 z - a potion of cancellation
 A - 8 potions of berserk rage
 F - 3 potions of invisibility
 O - 14 potions of attraction
Miscellaneous
 d - a phial of floods
   (You found it on level 4 of the Snake Pit)
 N - a lightning rod (4/4)
   (You found it on level 11 of the Dungeon)


   Skills:
 - Level 22.0 Fighting
 - Level 22.0 Long Blades
 - Level 22.0 Ranged Weapons
 - Level 22.0 Armour
 - Level 22.0 Dodging
 - Level 22.0 Stealth
 - Level 20.0 Spellcasting
 + Level 24.6 Necromancy
 - Level 19.0 Translocations
 + Level 5.8 Transmutations
 - Level 20.1 Invocations
 - Level 2.3 Evocations


You had 29 spell levels left.
You knew the following spells:

 Your Spells              Type           Power      Damage    Failure   Level
a - Dispersal             Tloc           33%        N/A       1%          6
b - Portal Projectile     Hex/Tloc       92%        N/A       1%          3
c - Apportation           Tloc           100%       N/A       0%          1
d - Passage of Golubria   Tloc           67%        N/A       1%          4
e - Manifold Assault      Tloc           67%        N/A       1%          4
f - Borgnjor's Revivific  Necr           38%        N/A       5%          8
g - Necromutation         Tmut/Necr      29%        N/A       95%         8
h - Lesser Beckoning      Tloc           100%       N/A       1%          3

Your spell library contained the following spells:

 Spells                   Type           Power      Damage    Failure   Level
 Necrotise                Necr           100%       1d9       0%          1
 Blink                    Tloc           100%       N/A       0%          2
 Vampiric Draining        Necr           76%        2d11      0%          3
 Dispel Undead            Necr           76%        3d25      0%          4
 Kiss of Death            Conj/Necr      100%       2d13      1%          1
 Momentum Strike          Conj/Tloc      92%        3d10      1%          2
 Gell's Gravitas          Tloc           67%        N/A       1%          3
 Teleport Other           Tloc           67%        N/A       1%          3
 Vhi's Electric Charge    Tloc/Air       92%        N/A       1%          3
 Anguish                  Hex/Necr       26%        N/A       1%          4
 Agony                    Necr           76%        N/A       1%          5
 Kindle Blastsparks       Fire/Tloc/Air  72%        2d16      4%          3
 Iskenderun's Mystic Bla  Conj/Tloc      46%        2d10      4%          4
 Sting                    Tmut/Pois      100%       1d8       6%          1
 Freeze                   Ice            64%        1d7       21%         1
 Magic Dart               Conj           64%        1d6       21%         1
 Sandblast                Erth           32%        2d9       21%         1
 Shock                    Conj/Air       64%        1d7       21%         1
 Slow                     Hex            64%        N/A       21%         1
 Ignite Poison            Fire/Tmut/Pois 22%        N/A       28%         3
 Poisonous Vapours        Pois/Air       32%        N/A       30%         2
 Searing Ray              Conj           32%        2d5       30%         2
 Static Discharge         Conj/Air       32%        2-4/arc   30%         2
 Blade Hands              Tmut           17%        N/A       47%         5
 Disjunction              Tloc           33%        N/A       50%         8
 Confusing Touch          Hex            16%        N/A       52%         3
 Dazzling Flash           Conj/Hex       32%        N/A       52%         3
 Frozen Ramparts          Ice            32%        1d5       52%         3
 Hailstorm                Conj/Ice       16%        3d6       52%         3
 Stone Arrow              Conj/Erth      32%        3d9       52%         3
 Swiftness                Air            16%        N/A       52%         3
 Ice Form                 Ice/Tmut       25%        N/A       54%         4
 Death's Door             Necr           38%        N/A       65%         9
 Alistair's Intoxication  Tmut/Pois      16%        N/A       87%         5
 Yara's Violent Unravell  Hex/Tmut       12%        3d7       87%         5
 Airstrike                Air            8%         2d(2-18)  90%         4
 Cause Fear               Hex            8%         N/A       90%         4
 Fulminant Prism          Conj/Hex       8%         3d7       90%         4
 Leda's Liquefaction      Hex/Erth       8%         N/A       90%         4
 Olgreb's Toxic Radiance  Pois           16%        N/A       90%         4
 Arcjolt                  Conj/Air       8%         1d18      99%         5
 Freezing Cloud           Conj/Ice/Air   8%         6-21      99%         5
 Lightning Bolt           Conj/Air       8%         1d20      99%         5
 Metabolic Englaciation   Hex/Ice        8%         N/A       99%         5
 Silence                  Hex/Air        8%         N/A       99%         5
 Conjure Ball Lightning   Conj/Air       8%         3x3d6     100%        6
 Iron Shot                Conj/Erth      8%         9d3       100%        6
 Starburst                Conj/Fire      8%         6d4       100%        6
 Dragon Form              Tmut           17%        N/A       100%        7
 Enfeeble                 Hex            8%         N/A       100%        7
 Orb of Destruction       Conj           8%         9d6       100%        7
 Discord                  Hex            8%         N/A       100%        8
 Ignition                 Fire           8%         3d5       100%        8
 Lehudib's Crystal Spear  Conj/Erth      8%         10d3      100%        8
 Polar Vortex             Ice            8%         N/A       100%        9
 Shatter                  Erth           8%         3d10*     100%        9
 Summon Small Mammal      Summ           Unusable   N/A       N/A         1
 Simulacrum               Ice/Necr       Unusable   N/A       N/A         6
 Call Canine Familiar     Summ           Unusable   N/A       N/A         3
 Summon Guardian Golem    Hex/Summ       Unusable   N/A       N/A         3
 Tukima's Dance           Hex            Unusable   N/A       N/A         3
 Haunt                    Necr/Summ      Unusable   N/A       N/A         7
 Animate Armour           Summ/Erth      Unusable   N/A       N/A         4
 Spellforged Servitor     Conj/Summ      Unusable   N/A       N/A         7
 Dragon's Call            Summ           Unusable   N/A       N/A         9

Dungeon Overview and Level Annotations

Branches:
Dungeon (15/15)            Temple (1/1) D:4            Lair (5/5) D:11
  Swamp (4/4) Lair:2        Snake (4/4) Lair:2        Slime (5/5) Lair:5
    Orc (2/2) D:10            Elf (3/3) Orc:2        Vaults (5/5) D:14
  Crypt (3/3) Vaults:2       Tomb (3/3) Crypt:3      Depths (4/4) D:15
   Hell (visited)             Dis (7/7) Hell            Geh (7/7) Hell
    Coc (7/7) Hell            Tar (7/7) Hell            Zot (5/5) Depths:4
Ossuary (visited)           IceCv (visited)         Volcano (visited)
 WizLab (visited)

Altars:
Ashenzari
Cheibriados
Dithmenos
Fedhas
Gozag
Hepliaklqana
Kikubaaqudgha
Makhleb
Nemelex Xobeh
Okawaru
Qazlal
Ru
Sif Muna
Trog
Uskayaw
Vehumet
Wu Jian
Xom
Yredelemnul
Jiyva

Shops:
D:10 :   D:11 (   D:12 :   Orc:1 ?   Orc:2 ?:*[:   Elf:1 ?(:*   Elf:2 (
Snake:1 *   Snake:2 ?([*   Snake:3 *   Vaults:1 [   Vaults:2 *[   Vaults:3 =
Vaults:4 *?*

Portals:
Hell: Depths:1 Depths:2 Depths:3 Depths:4
Abyss: Depths:1 Depths:3 Depths:4
Pandemonium: Depths:2
Ziggurat: Depths:4

Annotations:
Crypt:2 Khufu, Mennas
Zot:2 2 transporters


Innate Abilities, Weirdness & Mutations

You have a pair of large horns on your head.
You are surrounded by a strong repulsion field. (EV +4, RMsl)
You can hurl damnation.
You are completely covered in sharp spines.
You are resistant to unholy torment.
When hurt, damage is shared between your health and your magic reserves.
You regenerate magic rapidly.
When low on magic, you restore magic in place of health.
You punish those that try to bend your will. (Will+)
You have sharp toenails.
You possess an exceptional clarity of mind.
Your mind is acute. (Int +4, Str/Dex -1)
You expend magic power (3 MP) to strengthen your wands.


Message History

(Y) Tartarus (Z) Zot
Where to? (Enter - Tomb:1 @ (x,y), ? - help)
Okay, then.
(D) Dungeon (T) Temple (L) Lair (S) Swamp (P) Snake Pit (M) Slime Pits (O) Orcish Mines (E) Elven Halls (V) Vaults (C) Crypt (W) Tomb (U) Depths (H) Hell (I) Dis (G) Gehenna (X) Cocytus (Y) Tartarus (Z) Zot
Where to? (Enter - Tomb:1 @ (x,y), ? - help) HP restored.
There is a staircase back to the Crypt here.
You climb upwards.
Welcome back to the Crypt!
There is a staircase to the Tomb here.
You can't go up here!
(D) Dungeon (T) Temple (L) Lair (S) Swamp (P) Snake Pit (M) Slime Pits (O) Orcish Mines (E) Elven Halls (V) Vaults (C) Crypt (W) Tomb (U) Depths (H) Hell (I) Dis (G) Gehenna (X) Cocytus (Y) Tartarus (Z) Zot
Where to? (Enter - Crypt:3, ? - help)
You see here a large rock.
You see here a large rock.
You see here a stone.
There is an open door here.
A wraith comes into view.
You slash the wraith! You headbutt the wraith.
The wraith is heavily damaged.
The wraith completely misses you.
You hit the wraith. You headbutt the wraith!
You destroy the wraith!
Okawaru accepts your kill.
No target in view!
No target in view!
No target in view!
Unknown command.
A satyr skeleton comes into view.
You can't go up here!
A pale draconian skeleton comes into view.
You strike the helpless satyr skeleton from behind!
You slash the satyr skeleton! You headbutt the satyr skeleton!
The satyr skeleton is moderately damaged.
The satyr skeleton is struck by your spines.
The satyr skeleton hits you but does no damage.
You slash the satyr skeleton!
The satyr skeleton is severely damaged.
You barely miss the satyr skeleton. You headbutt the satyr skeleton.
The satyr skeleton is severely damaged.
The satyr skeleton is struck by your spines.
The satyr skeleton hits you!
You slice the satyr skeleton!!
You destroy the satyr skeleton!
Okawaru accepts your kill.
The pale draconian skeleton hits you but does no damage.
You fracture the pale draconian skeleton into splinters!!!
You headbutt the pale draconian skeleton!
The pale draconian skeleton is severely damaged.
You fracture the pale draconian skeleton into splinters!!!
You destroy the pale draconian skeleton!
Okawaru accepts your kill.
Your Transmutations skill increases to level 4!
No target in view!
HP restored.
There is a stone staircase leading up here.
You climb upwards.
Level annotation: Khufu, Mennas
There is a stone staircase leading down here.
There is an open gate here.
There is a stone staircase leading up, spattered with blood here.
You climb upwards.
There is a stone staircase leading down, spattered with blood here.
Things that are here:
a +0 chain mail; a +3 broad axe of venom; a human skeleton
Things that are here:
a +0 chain mail; a +0 battleaxe; a +1 mace
There is a staircase back to the Vaults here.
You climb upwards.
Welcome back to the Vaults!
There is a staircase to the Crypt here.
Unknown command.
(D) Dungeon (T) Temple (L) Lair (S) Swamp (P) Snake Pit (M) Slime Pits (O) Orcish Mines (E) Elven Halls (V) Vaults (C) Crypt (W) Tomb (U) Depths (H) Hell (I) Dis (G) Gehenna (X) Cocytus (Y) Tartarus (Z) Zot
Where to? (Enter - Crypt:1 @ (x,y), ? - help)
What level of the Realm of Zot? (default 1, ? - help)
Items here: )) [[.
There is an open door here.
There is an open door here.
Things that are here:
a +0 plate armour; a +0 great mace You see here a +0 longbow.
There is an open door, spattered with blood here.
There is an open door here.
There is an open door here.
There is a stone staircase leading up here.
You climb upwards.
There is a stone staircase leading down here.
There is an open door here.
You see here a +0 troll leather armour.
You see here a +0 troll leather armour.
There is an open door, spattered with blood here.
You see here the +1 scale mail "Duixaf" {god gift, Str+4}.
There is an open door here.
There is an open door here.
There is a gate leading back out of this place here.
You go up through the gate.
Welcome back to the Dungeon!
There is a gate to the Vaults here.
There is an open door here.
You see here a +2 pair of boots of rampaging {god gift}.
There is a stone staircase leading down here.
You climb downwards.
There is a stone staircase leading up here.
You see here a +0 war axe.
There is a staircase to the Depths here.
You climb downwards.
Welcome back to the Depths!
There is a staircase back to the Dungeon here.
There is a stone staircase leading down here.
You climb downwards.
There is a stone staircase leading up here.
There is an open door here.
There is a stone staircase leading down here.
You climb downwards.
There is a stone staircase leading up here.
There is a stone staircase leading down here.
You climb downwards.
There is a stone staircase leading up here.
There is an open door, spattered with blood here.
You see here a +0 halberd.
You see here a +0 war axe.
There is a gate to the Realm of Zot, spattered with blood here.
You go down through the gate.
Welcome back to the Realm of Zot!
There is a gate leading back out of this place, spattered with blood here.
There is a stone staircase leading down here.
You climb downwards.
Level annotation: 2 transporters
There is a stone staircase leading up here.
There is a dry fountain here.
There is a stone staircase leading down here.
You climb downwards.
There is a stone staircase leading up here.
There is a stone staircase leading down here.
You climb downwards.
There is a stone staircase leading up here.
There is a stone staircase leading down here.
You climb downwards.
There is a stone staircase leading up here.
You see here +0 storm dragon scales.
You see here a +11 club of electrocution.
You see here the Orb of Zot.
You pick up the Orb of Zot!
The Orb lets out a hideous shriek!
The lords of Pandemonium are not amused.
Beware!
Now all you have to do is get back out of the dungeon!
You see here a staff of death.
You see here a +11 club of electrocution.
You see here +0 storm dragon scales.
A Hell Sentinel comes into view.
There is a stone staircase leading up here.
You climb upwards.
There is a stone staircase leading down here.
A shadow demon comes into view.
You can't go up here!
You closely miss the shadow demon. You headbutt the shadow demon!
The shadow demon is moderately wounded.
You slice the shadow demon!! You headbutt the shadow demon!
You kill the shadow demon!
Okawaru accepts your kill.
You feel your strength returning.
No target in view!
There is a stone staircase leading up here.
You climb upwards.
A large abomination comes into view.
There is a stone staircase leading down here.
A large abomination is nearby!
You cut the large abomination into ribbons!!!
You destroy the large abomination!
Okawaru accepts your kill.
No target in view!
No target in view!
(D) Dungeon (T) Temple (L) Lair (S) Swamp (P) Snake Pit (M) Slime Pits (O) Orcish Mines (E) Elven Halls (V) Vaults (C) Crypt (W) Tomb (U) Depths (H) Hell (I) Dis (G) Gehenna (X) Cocytus (Y) Tartarus (Z) Zot
Where to? (Enter - Zot:3 @ (x,y), ? - help)
There is a stone staircase leading up here.
You climb upwards.
Level annotation: 2 transporters
There is a stone staircase leading down here.
There is a stone staircase leading up here.
You climb upwards.
There is a stone staircase leading down here.
There is an open door here.
A neqoxec comes into view.
You can't go up here!
b - a +9 vorpal triple crossbow (weapon)
{god gift} You shoot a bolt.
The bolt hits the neqoxec!!!
You kill the neqoxec!
Okawaru accepts your kill.
There is an open door here.
There is a gate leading back out of this place, spattered with blood here.
You go up through the gate.
Welcome back to the Depths!
There is a gate to the Realm of Zot, spattered with blood here.
You see here a +0 war axe.
You see here a +0 halberd.
There is an open door, spattered with blood here.
An ice devil comes into view.
You can't go up here!
Unknown command.
Unknown command.
Unknown command.
Unknown command.
You shoot a bolt. The bolt hits the ice devil!!
The ice devil is severely wounded.
A tormentor comes into view.
You shoot a bolt. The bolt hits the tormentor!!!
You kill the tormentor!
Okawaru accepts your kill.
You shoot a bolt. The bolt closely misses the ice devil.
You shoot a bolt. The bolt hits the ice devil!!!
You kill the ice devil!
Okawaru accepts your kill.
(D) Dungeon (T) Temple (L) Lair (S) Swamp (P) Snake Pit (M) Slime Pits (O) Orcish Mines (E) Elven Halls (V) Vaults (C) Crypt (W) Tomb (U) Depths (H) Hell (I) Dis (G) Gehenna (X) Cocytus (Y) Tartarus (Z) Zot
Where to? (Enter - Depths:4 @ (x,y), ? - help)
Okay, then.
There is a stone staircase leading up here.
You climb upwards.
There is a stone staircase leading down here.
There is a stone staircase leading up here.
You climb upwards.
There is a stone staircase leading down here.
There is an open door here.
There is a stone staircase leading up here.
You climb upwards.
A smoke demon comes into view.
There is a stone staircase leading down here.
A smoke demon is nearby!
You shoot a bolt. The bolt hits the smoke demon.
The smoke demon is lightly wounded.
You shoot a bolt. The bolt barely misses the smoke demon.
The bolt hits the plant!!!!
The plant begins to die.
The plant is heavily damaged.
You shoot a bolt. The bolt hits the smoke demon!!
You kill the smoke demon!
Okawaru accepts your kill.
(D) Dungeon (T) Temple (L) Lair (S) Swamp (P) Snake Pit (M) Slime Pits (O) Orcish Mines (E) Elven Halls (V) Vaults (C) Crypt (W) Tomb (U) Depths (H) Hell (I) Dis (G) Gehenna (X) Cocytus (Y) Tartarus (Z) Zot
Where to? (Enter - Depths:1 @ (x,y), ? - help)
A Qeyzaol and 2 large abominations come into view.
You can't go up here!
Fire: b) +9 triple crossbow (vorpal) {god gift}
Press: ? - help, Q - select action, (/) - cycle Shift-Dir - straight line, f - Qeyzaol
Aim: Qeyzaol (85% to hit)
Okay, then.
Unknown command.
Unknown command.
Unknown command.
Unknown command.
Fire: b) +9 triple crossbow (vorpal) {god gift}
Press: ? - help, Q - select action, (/) - cycle Shift-Dir - straight line, f - large abomination
Aim: a large abomination (wandering, hasn't noticed you, 90% to hit)
You shoot a bolt. The bolt hits the large abomination!!!
You destroy the large abomination!
Okawaru accepts your kill.
Fire: b) +9 triple crossbow (vorpal) {god gift}
Press: ? - help, Q - select action, (/) - cycle Shift-Dir - straight line, f - Qeyzaol
Aim: Qeyzaol (85% to hit)
You shoot a bolt. The bolt hits Qeyzaol!!!
Qeyzaol is heavily wounded.
Fire: b) +9 triple crossbow (vorpal) {god gift}
Press: ? - help, Q - select action, (/) - cycle Shift-Dir - straight line, f/p - Qeyzaol
Aim: Qeyzaol (heavily wounded, 85% to hit)
You shoot a bolt. The bolt hits Qeyzaol!!!
Qeyzaol is almost dead.
Qeyzaol gestures.
An orange demon comes into view.
Fire: b) +9 triple crossbow (vorpal) {god gift}
Press: ? - help, Q - select action, (/) - cycle Shift-Dir - straight line, f/p - Qeyzaol
Aim: Qeyzaol (severely wounded, 85% to hit)
You shoot a bolt. The bolt hits Qeyzaol!!!
You kill Qeyzaol!
Okawaru accepts your kill.
The orange demon disappears in a puff of smoke!
Fire: b) +9 triple crossbow (vorpal) {god gift}
Press: ? - help, Q - select action, (/) - cycle Shift-Dir - straight line, f - large abomination
Aim: a large abomination (89% to hit)
You shoot a bolt.
The bolt completely misses the large abomination.
Fire: b) +9 triple crossbow (vorpal) {god gift}
Press: ? - help, Q - select action, (/) - cycle Shift-Dir - straight line, f/p - large abomination
Aim: a large abomination (89% to hit)
You shoot a bolt. The bolt hits the large abomination!
The large abomination is lightly damaged.
The large abomination is struck by your spines.
The large abomination barely misses you.
Fire: b) +9 triple crossbow (vorpal) {god gift}
Press: ? - help, Q - select action, (/) - cycle Shift-Dir - straight line, f/p - large abomination
Aim: a large abomination (heavily damaged, 89% to hit)
You shoot a bolt. The bolt hits the large abomination!!
You destroy the large abomination!
Okawaru accepts your kill. The orange demon misses you.
You feel agile.
a - the +7 triple sword "Agruceak" (weapon)
{god gift, vorpal, Dex+3} The orange demon stings you from afar.
The orange demon is struck by your spines.
The orange demon completely misses you. x2
You open the orange demon like a pillowcase!!!
You kill the orange demon!
Okawaru accepts your kill.
No target in view!
No target in view!
(D) Dungeon (T) Temple (L) Lair (S) Swamp (P) Snake Pit (M) Slime Pits (O) Orcish Mines (E) Elven Halls (V) Vaults (C) Crypt (W) Tomb (U) Depths (H) Hell (I) Dis (G) Gehenna (X) Cocytus (Y) Tartarus (Z) Zot
Where to? (Enter - Depths:1 @ (x,y), ? - help)
Things that are here:
a +0 dire flail of protection; a +0 dire flail
There is a staircase back to the Dungeon here.
You climb upwards.
Welcome back to the Dungeon!
There is a staircase to the Depths here.
(D) Dungeon (T) Temple (L) Lair (S) Swamp (P) Snake Pit (M) Slime Pits (O) Orcish Mines (E) Elven Halls (V) Vaults (C) Crypt (W) Tomb (U) Depths (H) Hell (I) Dis (G) Gehenna (X) Cocytus (Y) Tartarus (Z) Zot
Where to? (Enter - D:15, ? - help)
There is a stone staircase leading up here.
You climb upwards.
There is a stone staircase leading down here.
(D) Dungeon (T) Temple (L) Lair (S) Swamp (P) Snake Pit (M) Slime Pits (O) Orcish Mines (E) Elven Halls (V) Vaults (C) Crypt (W) Tomb (U) Depths (H) Hell (I) Dis (G) Gehenna (X) Cocytus (Y) Tartarus (Z) Zot
Where to? (Enter - D:14, ? - help) 3 hell hogs come into view.
(D) Dungeon (T) Temple (L) Lair (S) Swamp (P) Snake Pit (M) Slime Pits (O) Orcish Mines (E) Elven Halls (V) Vaults (C) Crypt (W) Tomb (U) Depths (H) Hell (I) Dis (G) Gehenna (X) Cocytus (Y) Tartarus (Z) Zot
Where to? (Enter - D:13, ? - help)
There are monsters nearby!
The hell hog squeals angrily.
The hell hog breathes fire at you.
The fireball explodes!
The fireball engulfs you. You resist. The hell hog breathes fire at you.
The fireball explodes!
The fireball engulfs you. You resist. The hell hog breathes fire at you.
The fireball explodes!
The fireball engulfs you. You resist. The hell hog barely misses you.
The hell hog closely misses you. The hell hog is struck by your spines.
The hell hog barely misses you. x2
You slash the hell hog!
The hell hog is heavily wounded.
The hell hog breathes fire at you.
The fireball explodes!
The fireball engulfs you. You resist.
The fireball engulfs the hell hog.
The hell hog completely resists.
The fireball engulfs the hell hog.
The hell hog completely resists.
The hell hog is struck by your spines. The hell hog completely misses you.
You slice the hell hog!!
You kill the hell hog!
Okawaru accepts your kill. The hell hog bites you.
The hell hog completely misses you.
You slice the hell hog!! Your headbutt misses the hell hog.
The hell hog is heavily wounded.
The hell hog is struck by your spines. The hell hog misses you.
The hell hog is struck by your spines. The hell hog closely misses you.
You slice the hell hog!!
You kill the hell hog!
Okawaru accepts your kill. The hell hog breathes fire at you.
The fireball explodes!
The fireball engulfs you. You resist.
The fireball engulfs the hell hog.
The hell hog completely resists.
You barely miss the hell hog.
The hell hog is moderately wounded.
A rust devil comes into view.
The hell hog bites you but does no damage.
You slash the hell hog! You headbutt the hell hog!!
The hell hog is severely wounded.
The hell hog breathes fire at you.
The fireball explodes!
The fireball engulfs you but does no damage.
The fireball engulfs the hell hog.
The hell hog completely resists.
You barely miss the hell hog. You headbutt the hell hog!
The hell hog is almost dead.
The hell hog bites you.
You carve the hell hog like the proverbial ham!!!
You kill the hell hog!
Okawaru accepts your kill.
You barely miss the rust devil. You headbutt the rust devil.
The rust devil is lightly wounded.
The rust devil is struck by your spines.
The rust devil hits you. The rust devil corrodes you!
You cut the rust devil into ribbons!!!
You kill the rust devil!
Okawaru accepts your kill.
No target in view!
No target in view!
(D) Dungeon (T) Temple (L) Lair (S) Swamp (P) Snake Pit (M) Slime Pits (O) Orcish Mines (E) Elven Halls (V) Vaults (C) Crypt (W) Tomb (U) Depths (H) Hell (I) Dis (G) Gehenna (X) Cocytus (Y) Tartarus (Z) Zot
Where to? (Enter - D:13, ? - help)
A cacodemon and a sixfirhy come into view.
(D) Dungeon (T) Temple (L) Lair (S) Swamp (P) Snake Pit (M) Slime Pits (O) Orcish Mines (E) Elven Halls (V) Vaults (C) Crypt (W) Tomb (U) Depths (H) Hell (I) Dis (G) Gehenna (X) Cocytus (Y) Tartarus (Z) Zot
Where to? (Enter - D:13, ? - help)
There are monsters nearby!
You see here a hell hog corpse.
Unknown command.
There is a stone staircase leading up here.
You can't go down here!
You climb upwards.
There is a stone staircase leading down here.
(D) Dungeon (T) Temple (L) Lair (S) Swamp (P) Snake Pit (M) Slime Pits (O) Orcish Mines (E) Elven Halls (V) Vaults (C) Crypt (W) Tomb (U) Depths (H) Hell (I) Dis (G) Gehenna (X) Cocytus (Y) Tartarus (Z) Zot
Where to? (Enter - D:13, ? - help)
You are no longer corroded.
An ice devil comes into view.
(D) Dungeon (T) Temple (L) Lair (S) Swamp (P) Snake Pit (M) Slime Pits (O) Orcish Mines (E) Elven Halls (V) Vaults (C) Crypt (W) Tomb (U) Depths (H) Hell (I) Dis (G) Gehenna (X) Cocytus (Y) Tartarus (Z) Zot
Where to? (Enter - D:12, ? - help)
An ice devil is nearby!
The ice devil misses you.
You slash the ice devil! Your headbutt misses the ice devil.
The ice devil is moderately wounded.
You carve the ice devil like a ham!!!
You kill the ice devil!
Okawaru accepts your kill.
No target in view!
(D) Dungeon (T) Temple (L) Lair (S) Swamp (P) Snake Pit (M) Slime Pits (O) Orcish Mines (E) Elven Halls (V) Vaults (C) Crypt (W) Tomb (U) Depths (H) Hell (I) Dis (G) Gehenna (X) Cocytus (Y) Tartarus (Z) Zot
Where to? (Enter - D:12, ? - help)
There is a stone staircase leading up here.
You climb upwards.
There is a stone staircase leading down here.
(D) Dungeon (T) Temple (L) Lair (S) Swamp (P) Snake Pit (M) Slime Pits (O) Orcish Mines (E) Elven Halls (V) Vaults (C) Crypt (W) Tomb (U) Depths (H) Hell (I) Dis (G) Gehenna (X) Cocytus (Y) Tartarus (Z) Zot
Where to? (Enter - D:12, ? - help)
There is an entrance to Nouczoama's Book Shop here.
There is a stone staircase leading up here.
You climb upwards.
There is a stone staircase leading down here.
(D) Dungeon (T) Temple (L) Lair (S) Swamp (P) Snake Pit (M) Slime Pits (O) Orcish Mines (E) Elven Halls (V) Vaults (C) Crypt (W) Tomb (U) Depths (H) Hell (I) Dis (G) Gehenna (X) Cocytus (Y) Tartarus (Z) Zot
Where to? (Enter - D:11, ? - help)
There is a stone staircase leading up, spattered with blood here.
You climb upwards.
There is a stone staircase leading down here.
(D) Dungeon (T) Temple (L) Lair (S) Swamp (P) Snake Pit (M) Slime Pits (O) Orcish Mines (E) Elven Halls (V) Vaults (C) Crypt (W) Tomb (U) Depths (H) Hell (I) Dis (G) Gehenna (X) Cocytus (Y) Tartarus (Z) Zot
Where to? (Enter - D:10, ? - help)
There is a stone staircase leading up here.
You climb upwards.
There is a stone staircase leading down here.
(D) Dungeon (T) Temple (L) Lair (S) Swamp (P) Snake Pit (M) Slime Pits (O) Orcish Mines (E) Elven Halls (V) Vaults (C) Crypt (W) Tomb (U) Depths (H) Hell (I) Dis (G) Gehenna (X) Cocytus (Y) Tartarus (Z) Zot
Where to? (Enter - D:9, ? - help)
You see here a +0 club.
A Hell Sentinel comes into view.
(D) Dungeon (T) Temple (L) Lair (S) Swamp (P) Snake Pit (M) Slime Pits (O) Orcish Mines (E) Elven Halls (V) Vaults (C) Crypt (W) Tomb (U) Depths (H) Hell (I) Dis (G) Gehenna (X) Cocytus (Y) Tartarus (Z) Zot
Where to? (Enter - D:8, ? - help)
A Hell Sentinel is nearby!
You slice the Hell Sentinel!!
The Hell Sentinel is moderately wounded.
You cut the Hell Sentinel into ribbons!!!
You headbutt the Hell Sentinel, but do no damage.
The Hell Sentinel is severely wounded.
The Hell Sentinel gestures at you.
The sphere of damnation explodes!
The damnation engulfs you!!!
The damnation engulfs the Hell Sentinel.
The Hell Sentinel completely resists.
You slash the Hell Sentinel!
The Hell Sentinel is almost dead.
The Hell Sentinel gestures at you.
The sphere of damnation explodes!
The damnation engulfs you!!!
The damnation engulfs the Hell Sentinel.
The Hell Sentinel completely resists.
You cut the Hell Sentinel into ribbons!!!
You kill the Hell Sentinel!
Okawaru accepts your kill.
No target in view!
No target in view!
(D) Dungeon (T) Temple (L) Lair (S) Swamp (P) Snake Pit (M) Slime Pits (O) Orcish Mines (E) Elven Halls (V) Vaults (C) Crypt (W) Tomb (U) Depths (H) Hell (I) Dis (G) Gehenna (X) Cocytus (Y) Tartarus (Z) Zot
Where to? (Enter - D:8, ? - help) Magic restored.
There is a stone staircase leading up here.
You climb upwards.
There is a stone staircase leading down here.
(D) Dungeon (T) Temple (L) Lair (S) Swamp (P) Snake Pit (M) Slime Pits (O) Orcish Mines (E) Elven Halls (V) Vaults (C) Crypt (W) Tomb (U) Depths (H) Hell (I) Dis (G) Gehenna (X) Cocytus (Y) Tartarus (Z) Zot
Where to? (Enter - D:8, ? - help)
A Tzitzimitl comes into view.
(D) Dungeon (T) Temple (L) Lair (S) Swamp (P) Snake Pit (M) Slime Pits (O) Orcish Mines (E) Elven Halls (V) Vaults (C) Crypt (W) Tomb (U) Depths (H) Hell (I) Dis (G) Gehenna (X) Cocytus (Y) Tartarus (Z) Zot
Where to? (Enter - D:7, ? - help)
A Tzitzimitl is nearby!
There is a stone staircase leading up here.
You climb upwards.
There is a stone staircase leading down here.
(D) Dungeon (T) Temple (L) Lair (S) Swamp (P) Snake Pit (M) Slime Pits (O) Orcish Mines (E) Elven Halls (V) Vaults (C) Crypt (W) Tomb (U) Depths (H) Hell (I) Dis (G) Gehenna (X) Cocytus (Y) Tartarus (Z) Zot
Where to? (Enter - D:7, ? - help)
There is a stone staircase leading up here.
You climb upwards.
There is a stone staircase leading down here.
You can't go up here!
(D) Dungeon (T) Temple (L) Lair (S) Swamp (P) Snake Pit (M) Slime Pits (O) Orcish Mines (E) Elven Halls (V) Vaults (C) Crypt (W) Tomb (U) Depths (H) Hell (I) Dis (G) Gehenna (X) Cocytus (Y) Tartarus (Z) Zot
Where to? (Enter - D:6, ? - help) HP restored.
There is a stone staircase leading up here.
You climb upwards.
There is a stone staircase leading down here.
(D) Dungeon (T) Temple (L) Lair (S) Swamp (P) Snake Pit (M) Slime Pits (O) Orcish Mines (E) Elven Halls (V) Vaults (C) Crypt (W) Tomb (U) Depths (H) Hell (I) Dis (G) Gehenna (X) Cocytus (Y) Tartarus (Z) Zot
Where to? (Enter - D:5, ? - help)
There is an open door, spattered with blood here.
There is an open door here.
You open the door.
There is an open door here.
There is an open door here.
You open the door.
There is an open door here.
There is an open door here.
There is a stone staircase leading up here.
You climb upwards.
There is a stone staircase leading down here.
You can't go up here!
(D) Dungeon (T) Temple (L) Lair (S) Swamp (P) Snake Pit (M) Slime Pits (O) Orcish Mines (E) Elven Halls (V) Vaults (C) Crypt (W) Tomb (U) Depths (H) Hell (I) Dis (G) Gehenna (X) Cocytus (Y) Tartarus (Z) Zot
Where to? (Enter - D:4, ? - help)
An Ice Fiend comes into view.
You can't go up here!
(D) Dungeon (T) Temple (L) Lair (S) Swamp (P) Snake Pit (M) Slime Pits (O) Orcish Mines (E) Elven Halls (V) Vaults (C) Crypt (W) Tomb (U) Depths (H) Hell (I) Dis (G) Gehenna (X) Cocytus (Y) Tartarus (Z) Zot
Where to? (Enter - D:3, ? - help)
An Ice Fiend is nearby!
You slash the Ice Fiend!
The Ice Fiend is lightly wounded.
You slice the Ice Fiend like a ripe choko!!!
The Ice Fiend is severely wounded.
The Ice Fiend gestures at you. The bolt of cold hits you! You resist.
You slice the Ice Fiend!!
The Ice Fiend is almost dead.
The Ice Fiend gestures at you. The bolt of cold misses you.
You slice the Ice Fiend!!
You kill the Ice Fiend!
Okawaru accepts your kill.
No target in view!
No target in view!
No target in view!
(D) Dungeon (T) Temple (L) Lair (S) Swamp (P) Snake Pit (M) Slime Pits (O) Orcish Mines (E) Elven Halls (V) Vaults (C) Crypt (W) Tomb (U) Depths (H) Hell (I) Dis (G) Gehenna (X) Cocytus (Y) Tartarus (Z) Zot
Where to? (Enter - D:3, ? - help) Magic restored.
There is a stone staircase leading up here.
You climb upwards.
HP restored.
There is a stone staircase leading down here.
(D) Dungeon (T) Temple (L) Lair (S) Swamp (P) Snake Pit (M) Slime Pits (O) Orcish Mines (E) Elven Halls (V) Vaults (C) Crypt (W) Tomb (U) Depths (H) Hell (I) Dis (G) Gehenna (X) Cocytus (Y) Tartarus (Z) Zot
Where to? (Enter - D:3, ? - help)
There is a stone staircase leading up here.
You climb upwards.
Level annotation: Sigmund
There is a stone staircase leading down here.
(D) Dungeon (T) Temple (L) Lair (S) Swamp (P) Snake Pit (M) Slime Pits (O) Orcish Mines (E) Elven Halls (V) Vaults (C) Crypt (W) Tomb (U) Depths (H) Hell (I) Dis (G) Gehenna (X) Cocytus (Y) Tartarus (Z) Zot
Where to? (Enter - D:2, ? - help)
You can't go up here!
(D) Dungeon (T) Temple (L) Lair (S) Swamp (P) Snake Pit (M) Slime Pits (O) Orcish Mines (E) Elven Halls (V) Vaults (C) Crypt (W) Tomb (U) Depths (H) Hell (I) Dis (G) Gehenna (X) Cocytus (Y) Tartarus (Z) Zot
Where to? (Enter - D:1, ? - help) Sigmund is nearby!
Sigmund shouts!
A cherub comes into view. It is wielding a +4 flail of flaming.
Sigmund points at you and mumbles some strange words.
The puff of flame is repelled.
The cherub unwields a +4 flail of flaming.
It stops flaming.
The cherub wields a +0 longbow.
The cherub shoots an arrow.
The arrow completely misses you.
You cut Sigmund into ribbons!!!
You kill Sigmund!
Okawaru accepts your kill.
The cherub shoots an arrow.
The arrow completely misses you.
You barely miss the cherub.
The cherub unwields a +0 longbow.
The cherub wields a +4 flail of flaming.
It bursts into flame!
The cherub hits you but does no damage. The cherub completely misses you.
You slash the cherub! You headbutt the cherub!
The cherub is moderately wounded.
You slice the cherub!! Your headbutt misses the cherub.
The cherub is severely wounded.
The cherub hits you but does no damage. The cherub closely misses you.
A Brimstone Fiend comes into view.
You miss the cherub. Your headbutt misses the cherub.
The cherub is severely wounded.
The cherub hits you but does no damage. The cherub completely misses you.
You miss the cherub. You headbutt the cherub.
The cherub is severely wounded.
You completely miss the cherub. Your headbutt misses the cherub.
The cherub is severely wounded.
The cherub completely misses you. The cherub hits you but does no damage.
You slice the cherub!!
You kill the cherub!
Okawaru accepts your kill. The Brimstone Fiend gestures at you.
The sphere of damnation explodes!
The damnation engulfs you!!!
Things that are here:
a +4 flail of flaming; a +0 longbow; a +0 robe You barely miss the Brimstone Fiend.
You slice the Brimstone Fiend!!
You headbutt the Brimstone Fiend, but do no damage.
The Brimstone Fiend is moderately wounded.
The Brimstone Fiend calls on the powers of darkness!
Your body is wracked with pain!
You slice the Brimstone Fiend!!
The Brimstone Fiend is heavily wounded.
The Brimstone Fiend hits you but does no damage.
The Brimstone Fiend misses you.
The Brimstone Fiend completely misses you.
You slice the Brimstone Fiend!!
The Brimstone Fiend is almost dead.
The Brimstone Fiend calls on the powers of darkness!
Your body is wracked with pain!
You are too injured to fight recklessly!
You are too injured to fight recklessly!
You are too injured to fight recklessly!
You are too injured to fight recklessly!
You are too injured to fight recklessly!
You chop the Brimstone Fiend into pieces!!!
You kill the Brimstone Fiend!
Okawaru accepts your kill.
Your Transmutations skill increases to level 5!
A lorocyproca comes into view.
(D) Dungeon (T) Temple (L) Lair (S) Swamp (P) Snake Pit (M) Slime Pits (O) Orcish Mines (E) Elven Halls (V) Vaults (C) Crypt (W) Tomb (U) Depths (H) Hell (I) Dis (G) Gehenna (X) Cocytus (Y) Tartarus (Z) Zot
Where to? (Enter - D:1, ? - help)
A lorocyproca is nearby!
Unknown command.
You are too injured to fight recklessly!
You are too injured to fight recklessly!
You are too injured to fight recklessly!
You are too injured to fight recklessly!
You are too injured to fight recklessly!
The lorocyproca hits you but does no damage.
Things that are here:
a stone; a +0 short sword You chop the lorocyproca into pieces!!!
The lorocyproca is severely wounded.
You closely miss the lorocyproca. Your headbutt misses the lorocyproca.
The lorocyproca is severely wounded.
The lorocyproca is struck by your spines.
The lorocyproca hits you!!
You feel your power leaking away.
You slice the lorocyproca!!
You kill the lorocyproca!
Okawaru accepts your kill.
(D) Dungeon (T) Temple (L) Lair (S) Swamp (P) Snake Pit (M) Slime Pits (O) Orcish Mines (E) Elven Halls (V) Vaults (C) Crypt (W) Tomb (U) Depths (H) Hell (I) Dis (G) Gehenna (X) Cocytus (Y) Tartarus (Z) Zot
Where to? (Enter - D:1, ? - help)
Things that are here:
a +4 flail of flaming; a +0 longbow; a +0 robe
Things that are here:
a +0 scythe; a +0 robe A blizzard demon comes into view.
Unknown command.
(D) Dungeon (T) Temple (L) Lair (S) Swamp (P) Snake Pit (M) Slime Pits (O) Orcish Mines (E) Elven Halls (V) Vaults (C) Crypt (W) Tomb (U) Depths (H) Hell (I) Dis (G) Gehenna (X) Cocytus (Y) Tartarus (Z) Zot
Where to? (Enter - D:3, ? - help)
A blizzard demon is nearby!
(D) Dungeon (T) Temple (L) Lair (S) Swamp (P) Snake Pit (M) Slime Pits (O) Orcish Mines (E) Elven Halls (V) Vaults (C) Crypt (W) Tomb (U) Depths (H) Hell (I) Dis (G) Gehenna (X) Cocytus (Y) Tartarus (Z) Zot
Where to? (Enter - D:1, ? - help)
Okay, then.
You are too injured to fight recklessly!
You are too injured to fight recklessly!
You are too injured to fight recklessly!
You are too injured to fight recklessly!
You are too injured to fight recklessly!
You are too injured to fight recklessly!
You are too injured to fight recklessly!
You are too injured to fight recklessly!
You are too injured to fight recklessly!
You are too injured to fight recklessly!
b - a +9 vorpal triple crossbow (weapon)
{god gift} Fire: b) +9 triple crossbow (vorpal) {god gift}
Press: ? - help, Q - select action, (/) - cycle Shift-Dir - straight line, f - blizzard demon
Aim: a blizzard demon (83% to hit)
You shoot a bolt.
The bolt closely misses the blizzard demon.
Fire: b) +9 triple crossbow (vorpal) {god gift}
Press: ? - help, Q - select action, (/) - cycle Shift-Dir - straight line, f/p - blizzard demon
Aim: a blizzard demon (83% to hit)
You shoot a bolt. The bolt hits the blizzard demon!!!
You kill the blizzard demon!
Okawaru accepts your kill.
Fire: b) +9 triple crossbow (vorpal) {god gift}
Press: ? - help, Q - select action, (/) - cycle Shift-Dir - straight line, f - you Really target yourself?
Okay, then.
(D) Dungeon (T) Temple (L) Lair (S) Swamp (P) Snake Pit (M) Slime Pits (O) Orcish Mines (E) Elven Halls (V) Vaults (C) Crypt (W) Tomb (U) Depths (H) Hell (I) Dis (G) Gehenna (X) Cocytus (Y) Tartarus (Z) Zot
Where to? (Enter - D:1, ? - help)
What level of the Pits of Slime? (default 1, ? - help)
Okay, then.
(D) Dungeon (T) Temple (L) Lair (S) Swamp (P) Snake Pit (M) Slime Pits (O) Orcish Mines (E) Elven Halls (V) Vaults (C) Crypt (W) Tomb (U) Depths (H) Hell (I) Dis (G) Gehenna (X) Cocytus (Y) Tartarus (Z) Zot
Where to? (Enter - D:1, ? - help)
An Orb Guardian comes into view.
(D) Dungeon (T) Temple (L) Lair (S) Swamp (P) Snake Pit (M) Slime Pits (O) Orcish Mines (E) Elven Halls (V) Vaults (C) Crypt (W) Tomb (U) Depths (H) Hell (I) Dis (G) Gehenna (X) Cocytus (Y) Tartarus (Z) Zot
Where to? (Enter - D:1, ? - help)
An Orb Guardian is nearby!
Unknown command.
You shoot a bolt. The bolt hits the Orb Guardian!!!
The Orb Guardian is severely wounded.
You shoot a bolt. The bolt hits the Orb Guardian!!!
You kill the Orb Guardian!
Okawaru accepts your kill.
No target in view!
(D) Dungeon (T) Temple (L) Lair (S) Swamp (P) Snake Pit (M) Slime Pits (O) Orcish Mines (E) Elven Halls (V) Vaults (C) Crypt (W) Tomb (U) Depths (H) Hell (I) Dis (G) Gehenna (X) Cocytus (Y) Tartarus (Z) Zot
Where to? (Enter - D:1, ? - help)
Things that are here:
a +4 flail of flaming; a +0 longbow; a +0 robe A toenail golem comes into view.
(D) Dungeon (T) Temple (L) Lair (S) Swamp (P) Snake Pit (M) Slime Pits (O) Orcish Mines (E) Elven Halls (V) Vaults (C) Crypt (W) Tomb (U) Depths (H) Hell (I) Dis (G) Gehenna (X) Cocytus (Y) Tartarus (Z) Zot
Where to? (Enter - D:1, ? - help)
A toenail golem is nearby!
You shoot a bolt. The bolt hits the toenail golem!!!
You destroy the toenail golem!
Okawaru accepts your kill.
No target in view!
(D) Dungeon (T) Temple (L) Lair (S) Swamp (P) Snake Pit (M) Slime Pits (O) Orcish Mines (E) Elven Halls (V) Vaults (C) Crypt (W) Tomb (U) Depths (H) Hell (I) Dis (G) Gehenna (X) Cocytus (Y) Tartarus (Z) Zot
Where to? (Enter - D:1, ? - help)
A rakshasa comes into view. It is wielding a +0 trident.
You shoot a bolt.
The bolt completely misses the rakshasa.
You shoot a bolt. The bolt hits the rakshasa!!!
The rakshasa is almost dead.
The rakshasa blinks!
You shoot a bolt. The bolt hits the rakshasa!!
You kill the rakshasa!
Okawaru accepts your kill.
(D) Dungeon (T) Temple (L) Lair (S) Swamp (P) Snake Pit (M) Slime Pits (O) Orcish Mines (E) Elven Halls (V) Vaults (C) Crypt (W) Tomb (U) Depths (H) Hell (I) Dis (G) Gehenna (X) Cocytus (Y) Tartarus (Z) Zot
Where to? (Enter - D:1, ? - help)
You open the door.
There is an open door here.
There is a stone staircase leading up here.
You climb upwards.
A demonspawn black sun and a soul eater come into view.
There is a stone staircase leading down here.
You shoot a bolt.
The bolt completely misses the demonspawn black sun.
You shoot a bolt. The bolt hits the demonspawn black sun!
The demonspawn black sun is lightly wounded.
You shoot a bolt.
The bolt hits the demonspawn black sun!!
The demonspawn black sun is heavily wounded.
You shoot a bolt. The bolt hits the demonspawn black sun!
The demonspawn black sun is almost dead.
You shoot a bolt.
The bolt hits the demonspawn black sun!!
You kill the demonspawn black sun!
Okawaru accepts your kill.
You shoot a bolt.
The bolt hits the soul eater but does no damage.
The soul eater hits you but does no damage.
You shoot a bolt. The bolt hits the soul eater.
The soul eater is lightly wounded.
The soul eater hits you but does no damage.
You shoot a bolt. The bolt hits the soul eater!!!
You kill the soul eater!
Okawaru accepts your kill.
(D) Dungeon (T) Temple (L) Lair (S) Swamp (P) Snake Pit (M) Slime Pits (O) Orcish Mines (E) Elven Halls (V) Vaults (C) Crypt (W) Tomb (U) Depths (H) Hell (I) Dis (G) Gehenna (X) Cocytus (Y) Tartarus (Z) Zot
Where to? (Enter - D:1, ? - help)
Okay, then.
A Qoutin and a tormentor come into view.
You shoot a bolt. The bolt hits the tormentor!!!
You kill the tormentor!
Okawaru accepts your kill.
You shoot a bolt. The bolt hits Qoutin!
Qoutin is lightly wounded.
An orange demon comes into view.
You shoot a bolt. The bolt hits Qoutin!!!
Qoutin is moderately wounded.
You shoot a bolt. The bolt hits Qoutin!!!
Qoutin is severely wounded.
You shoot a bolt. The bolt hits Qoutin!!!
Qoutin is almost dead.
Qoutin gestures at you. You resist with almost no effort.
Your will lashes out at Qoutin!
You shoot a bolt. The bolt hits Qoutin!!!
You kill Qoutin!
Okawaru accepts your kill. The orange demon barely misses you.
You shoot a bolt. The bolt hits the orange demon!!
The orange demon is heavily wounded.
The orange demon closely misses you.
You shoot a bolt.
The bolt closely misses the orange demon.
The orange demon barely misses you. The orange demon completely misses you.
You shoot a bolt.
The bolt barely misses the orange demon.
The orange demon completely misses you.
You shoot a bolt. The bolt hits the orange demon!
The orange demon is severely wounded.
The orange demon barely misses you. The orange demon misses you.
You shoot a bolt.
The bolt barely misses the orange demon.
The orange demon stings you but does no damage.
You shoot a bolt. The bolt hits the orange demon!!
You kill the orange demon!
Okawaru accepts your kill.
No target in view!
No target in view!
(D) Dungeon (T) Temple (L) Lair (S) Swamp (P) Snake Pit (M) Slime Pits (O) Orcish Mines (E) Elven Halls (V) Vaults (C) Crypt (W) Tomb (U) Depths (H) Hell (I) Dis (G) Gehenna (X) Cocytus (Y) Tartarus (Z) Zot
Where to? (Enter - D:1 @ (x,y), ? - help)
A small abomination and a large abomination come into view.
The small abomination moves out of view.
There is an open door here.
You shoot a bolt. The bolt hits the large abomination!!
The large abomination is heavily damaged.
No target in view!
No target in view!
No target in view!
(D) Dungeon (T) Temple (L) Lair (S) Swamp (P) Snake Pit (M) Slime Pits (O) Orcish Mines (E) Elven Halls (V) Vaults (C) Crypt (W) Tomb (U) Depths (H) Hell (I) Dis (G) Gehenna (X) Cocytus (Y) Tartarus (Z) Zot
Where to? (Enter - D:1 @ (x,y), ? - help) Ycudorol comes into view.
It is armed with a flaming touch.
A Brimstone Fiend comes into view.
You gain the combat prowess of a mighty hero.
The Brimstone Fiend roars!
You feel very mighty all of a sudden.
The large abomination is struck by your spines.
The large abomination completely misses you.
You can now deal lightning-fast blows.
You feel agile.
a - the +7 triple sword "Agruceak" (weapon)
{god gift, vorpal, Dex+3} The large abomination completely misses you.
Ycudorol gestures.
Lightning arcs from Ycudorol's claws!
The bolt of lightning hits the large abomination!!!
The large abomination is destroyed!
A bolt of lightning appears from out of thin air!
The bolt of lightning hits the small abomination!!!
The small abomination is destroyed!
The bolt of lightning hits you. You resist.
The bolt of lightning hits Ycudorol.
Ycudorol resists.
The bolt of lightning hits the Brimstone Fiend!
You hear an angry squeal.
You open Ycudorol like a pillowcase!!! Your headbutt misses Ycudorol.
Ycudorol is heavily wounded.
You carve Ycudorol like a ham!!!
You headbutt Ycudorol, but do no damage.
Ycudorol is severely wounded.
Ycudorol gestures.
Lightning arcs from Ycudorol's claws!
The bolt of lightning hits you!!!! You resist.
A bolt of lightning appears from out of thin air!
The bolt of lightning hits Ycudorol.
Ycudorol resists.
You hear an angry squeal. x3
You are too injured to fight recklessly!
You slice Ycudorol!!
You kill Ycudorol!
Okawaru accepts your kill.
You slice the Brimstone Fiend like a ripe choko!!!!
The Brimstone Fiend is almost dead.
You slice the Brimstone Fiend like a ripe choko!!!
You kill the Brimstone Fiend!
Okawaru accepts your kill.
You feel like a meek peon again.
There is an open door here.
There is a staircase leading out of the dungeon here.
You have escaped!

....###'## ##>## ##'#######
##..##...######...######...###...
....#.......................#....
##.##..⌠........⌠.(......⌠..##.##
##..#.......................##)##
###.##...######^..######...###.#
# #.###### #####'##### #######.#
###.# ##.........## #..# .##.#
#..♣..@..♣..# #.## .##.#
##.........## #.#
....#########################.#
##............................#
####........................##
#.....###.........†......#
#.....# #................#
#.....# #................#
#.....# #................#


There were no monsters in sight!

Vanquished Creatures
  Cerebov (Pan)
  Antaeus (Arena)
  Asmodeus (Geh:7)
  Ereshkigal (Tar:7)
  the Royal Jelly (Slime:5)
  Gloorx Vloq (Arena)
  5 pandemonium lords
  6 dread liches
  the Serpent of Hell (Coc:7)
  Mnoleg (Arena)
  Lom Lobon (Pan)
  4 ancient liches
  3 orbs of fire (Zot:5)
  Dispater (Arena)
  A juggernaut (Dis:7)
  Boris (thrice) (Vaults:2 Depths:3 Vaults:5)
  8 shard shrikes
  17 royal mummies
  Margery (Vaults:5)
  Parghit (Zot:2)
  5 Killer Klowns
  Saint Roka (Snake:4)
  3 curse toes
  Geryon (Arena)
  Xtahua (Vaults:3)
  23 caustic shrikes
  11 golden dragons
  14 bone dragons
  13 profane servitors
  5 doom hounds
  15 Tzitzimimeh
  6 electric golems
  15 hellephants
  14 Brimstone Fiends
  25 tentacled monstrosities
  A spectral shard shrike (Tar:1)
  15 Hell Sentinels
  A walking crystal tome (Depths:2)
  26 Orb Guardians
  21 searing wretches
  3 iron giants
  Asterion (Elf:1)
  18 Ice Fiends
  12 liches
  Murray (Depths:4)
  13 tainted leviathans
  8 quicksilver dragons
  2 deep elf master archers (Elf:3)
  A walking divine tome (Depths:2)
  9 titans
  16 acid blobs
  2 deep elf blademasters (Elf:3)
  34 ancient champions
  6 death cobs
  9 sphinxes
  2 eldritch tentacles
  12 tentacled starspawn
  14 Executioners
  20 shadow dragons
  7 tengu reavers
  9 rockslimes
  4 nagarajas
  17 storm dragons
  26 fire giants
  Donald (Vaults:3)
  6 draconian knights
  15 frost giants
  14 azure jellies
  3 fenstrider witches
  6 draconian monks
  20 narguns
  2 demonspawn warmongers (Pan)
  2 revenants
  14 quicksilver elementals
  20 vault wardens
  7 cacodemons
  5 iron dragons
  41 balrugs
  6 draconian scorchers
  Aizul (Snake:1)
  A caustic shrike zombie (Tomb:3)
  6 deep elf sorcerers
  A juggernaut zombie (Hell)
  3 curse skulls
  4 ghost moths
  The ghost of iguanaiguana the Scorcher, a journeyman MeFE of Kikubaaqudgha (Swamp:3)
  3 spectral juggernauts
  6 shard shrike simulacra
  A spriggan defender (Depths:2)
  3 draconian shifters
  3 orc warlords
  6 spectral caustic shrikes
  3 demonspawn corrupters (Pan)
  9 draconian annihilators
  A caustic shrike skeleton (Tomb:2)
  4 draconian stormcallers
  2 ghouls
  35 very ugly things
  29 ironbound preservers
  3 demonspawn blood saints (Pan)
  5 deep elf elementalists (Elf:3)
  An ophan (Abyss:4)
  14 reapers
  23 war gargoyles
  6 quicksilver oozes
  26 stone giants
  6 black draconians
  A juggernaut skeleton (Pan)
  5 deep elf demonologists
  8 ironbound thunderhulks
  7 vampire knights
  16 purple draconians
  3 eleionomae
  8 bennus
  23 elemental wellsprings
  5 lorocyprocas
  10 green draconians
  Azrael (Elf:2)
  The ghost of Xeinaf the Brawler, a journeyman TrAr of Nemelex Xobeh (Lair:3)
  9 red draconians
  15 white draconians
  9 yellow draconians
  4 demonspawn black suns
  22 putrid mouths
  A spark wasp (Depths:2)
  2 spectral titans (Tar:2)
  8 bunyips
  14 deep elf annihilators
  18 wendigos
  14 dire elephants
  Snorg (D:11)
  11 blizzard demons
  3 eidola
  8 iron golems
  11 green deaths
  4 spectral quicksilver dragons
  2 crystal guardians (Vaults:3)
  9 deep elf death magi (Elf:3)
  10 ettins
  A spriggan zombie (Abyss:2)
  7 fire dragons
  3 entropy weavers
  3 spectral krakens (Tar:7)
  2 shambling mangroves
  22 mummy priests
  Josephine (D:13)
  A deep elf high priest (Elf:2)
  4 jiangshi
  2 kraken zombies (Hell)
  Fannar (Lair:1)
  Harold (Lair:1)
  7 great orbs of eyes
  19 yaktaur captains
  5 hell beasts
  22 hydras
  Erolcha (D:9)
  26 salamander tyrants
  A catoblepas (Lair:5)
  4 spriggan skeletons
  34 vault guards
  10 rakshasas
  2 peacekeepers
  2 ogre magi
  3 death knights
  5 juggernaut simulacra
  9 boulder beetles
  12 ice dragons
  10 caustic shrike simulacra
  9 alligators
  19 centaur warriors
  14 anacondas
  4 spriggan air magi
  An alligator (shapeshifter) (Depths:1)
  5 ghost crabs
  3 stokers
  10 tengu warriors
  10 ironbound frosthearts
  37 death scarabs
  A spectral draconian (Tar:2)
  An anaconda (shapeshifter) (Elf:2)
  14 two-headed ogres
  7 naga warriors
  2 satyrs (Abyss:4)
  17 death yaks
  4 deep troll earth magi
  56 hell hogs
  7 deep troll shamans
  2 vampire magi
  A titan zombie (Tomb:3)
  A bennu skeleton (Crypt:3)
  40 dancing weapons
  2 spectral dire elephants (Tar:1)
  4 orc high priests
  Urug (D:13)
  5 spriggan berserkers
  The ghost of SprigganGuy the Thaumaturge, a journeyman SpAE of Vehumet (Lair:1)
  5 shock serpents
  3 spectral nagas
  3 crystal echidnas
  A shock serpent (shapeshifter) (Depths:4)
  11 hell knights
  5 naga sharpshooters
  11 thrashing horrors
  32 sun demons
  25 deep elf knights
  2 iron trolls
  13 sixfirhies
  9 soul eaters
  2 spectral bunyips
  Amaemon (Lair:1)
  11 shadow wraiths
  15 wretched stars
  4 salamander mystics
  2 bunyip zombies
  A spectral anaconda (Tar:1)
  7 shadow demons
  4 quicksilver dragon simulacra
  A cherub (D:2)
  27 skeletal warriors
  An anaconda zombie (Tomb:1)
  A golden dragon zombie (Vaults:4)
  71 deep trolls
  6 goliath frogs
  2 spriggan druids
  5 flayed ghosts
  A steelbarb worm (shapeshifter) (Vaults:5)
  10 glowing orange brains
  4 obsidian statues
  61 starcursed masses
  16 wizards
  7 naga ritualists
  9 deep elf archers
  10 bog bodies
  2 orange crystal statues
  13 ironbound convokers
  12 phantasmal warriors
  Pikel (D:5)
  5 spriggan simulacra
  8 swamp dragons
  38 deep elf zephyrmancers
  A fenstrider witch simulacrum (Swamp:3)
  A mana viper (shapeshifter) (Vaults:5)
  8 necromancers
  3 harpies (Vaults:1)
  7 lindwurms
  A broodmother zombie (Crypt:2)
  37 ugly things
  A bunyip skeleton (Abyss:3)
  27 deep elf pyromancers
  4 salamanders
  6 orc knights
  A faun (shapeshifter) (D:15)
  10 orc sorcerers
  A shadow dragon skeleton (Tomb:2)
  A salamander (shapeshifter) (Elf:2)
  A spectral deep troll (Depths:3)
  A tengu skeleton (Vaults:2)
  2 spectral centaurs (Tar:1)
  A wolf spider (Lair:5)
  3 manticores
  12 mana vipers
  A spectral ettin (Tar:2)
  10 spectral spriggans
  5 cyclopes
  39 large abominations
  2 shining eyes (Slime:5)
  5 worldbinders
  19 elephants
  2 oklob plants (Lair:4)
  A cyclops (shapeshifter) (Depths:2)
  A stone giant zombie (Crypt:1)
  3 will-o-the-wisps
  An iron dragon skeleton (Crypt:1)
  A goliath frog skeleton (Crypt:3)
  5 guardian serpents
  3 stone giant skeletons
  17 vault sentinels
  26 moths of wrath
  34 black mambas
  3 human skeletons
  A black mamba (shapeshifter) (Elf:3)
  An ice statue (Elf:2)
  A toenail golem (D:2)
  9 naga magi
  A titan simulacrum (Coc:5)
  Joseph (D:8)
  A torpor snail (Lair:5)
  An alligator snapping turtle zombie (Tomb:3)
  8 rust devils
  16 molten gargoyles
  10 cane toads
  14 spectral swamp worms (Tar:7)
  14 orange demons
  23 smoke demons
  A cane toad (shapeshifter) (Depths:2)
  3 eyes of devastation
  32 hellions
  6 rime drakes
  2 apocalypse crabs
  5 gargoyles
  A kobold demonologist (D:10)
  11 komodo dragons
  6 demonic crawlers
  A dire elephant skeleton (Tomb:1)
  A yaktaur zombie (Vaults:4)
  5 efreet
  14 freezing wraiths
  A komodo dragon (shapeshifter) (D:13)
  8 unseen horrors
  29 yaktaurs
  2 golden dragon simulacra
  2 naga skeletons
  3 red devils
  23 tormentors
  A sea snake skeleton (Hell)
  4 spectral harpies (Tar:1)
  5 tengu conjurers
  4 hydra zombies
  An alligator snapping turtle skeleton (Crypt:1)
  17 hellwings
  6 anaconda simulacra
  A spectral death drake (Swamp:3)
  2 catoblepas skeletons (Crypt:1)
  An iron giant simulacrum (Coc:1)
  7 ice devils
  A silent spectre (Abyss:4)
  38 guardian mummies
  A polar bear (Lair:4)
  12 ancient zymes
  A meliai (shapeshifter) (Abyss:3)
  A pale draconian skeleton (Crypt:3)
  A harpy zombie (Crypt:1)
  9 trolls
  12 tyrant leeches
  A tengu simulacrum (Vaults:2)
  A wolf spider simulacrum (D:15)
  3 tarantellas (Vaults:1)
  23 hornets
  Grinder (D:6)
  7 saltlings (Orc:2)
  3 harpy skeletons
  A spectral swamp dragon (Tar:1)
  A raiju (shapeshifter) (Vaults:5)
  21 raiju
  20 blink frogs
  70 slime creatures
  An iron dragon simulacrum (Coc:3)
  A dream sheep (shapeshifter) (Depths:1)
  A dream sheep (Lair:5)
  A jumping spider (Vaults:2)
  4 air elementals
  2 ettin skeletons
  A centaur simulacrum (Coc:2)
  Sigmund (D:2)
  20 spriggans
  37 flying skulls
  2 shadows (Swamp:4)
  A culicivora (Vaults:2)
  A satyr skeleton (Crypt:3)
  3 naga simulacra
  A shapeshifter (Elf:2)
  A spriggan (shapeshifter) (D:13)
  A dire elephant simulacrum (Coc:6)
  An alligator skeleton (Hell)
  9 fire bats
  A vampire (D:14)
  8 water elementals
  14 wraiths
  13 fire elementals
  32 yaks
  14 ynoxinuls
  2 alligator snapping turtle simulacra
  20 ushabtiu
  2 steam dragons
  A yak (shapeshifter) (Vaults:5)
  A redback (Vaults:1)
  3 golden eyes (Slime:5)
  6 basilisks
  8 wyverns
  12 vampire mosquitoes
  14 chaos spawn
  21 neqoxecs
  A sea snake simulacrum (Hell)
  15 harpy simulacra
  5 wargs
  A glowing shapeshifter zombie (Vaults:4)
  16 swamp worms
  3 spatial vortices (WizLab)
  8 hydra simulacra
  An acid dragon (D:13)
  31 nagas
  A glowing shapeshifter skeleton (WizLab)
  5 hell hounds
  19 water moccasins
  2 floating eyes
  5 black bears
  4 swamp drakes (Swamp:2)
  24 orc warriors
  2 ice beasts (D:6)
  An alligator simulacrum (Hell)
  4 ettin simulacra
  A sky beast (D:8)
  12 ogres
  A boggart (WizLab)
  17 wolves
  14 centaurs
  A lemure (D:6)
  A swamp dragon skeleton (Pan)
  8 kobold brigands
  14 bullfrogs
  3 gnoll sergeants
  5 earth elementals (Elf:2)
  A deep troll simulacrum (IceCv)
  22 small abominations
  15 scorpions
  7 wights
  A water moccasin skeleton (D:5)
  16 killer bees
  A wolf zombie (Crypt:3)
  2 electric eels
  5 howler monkeys
  7 crimson imps (Pan)
  3 centaur zombies
  5 hounds
  5 lava snakes (Volcano)
  5 quasits
  20 orc priests
  2 iron imps
  7 jellies
  3 human zombies
  3 centaur skeletons
  22 orc wizards
  3 scorpion zombies
  2 iguanas
  5 hell rats
  A killer bee zombie (D:5)
  An ogre skeleton (Crypt:3)
  A hound zombie (D:5)
  46 mummies
  25 gnolls
  8 adders
  A steam dragon zombie (Crypt:1)
  A shadow imp (D:5)
  5 white imps
  2 ufetubi
  A worm zombie (Crypt:1)
  A worm (D:3)
  2 dart slugs
  77 orcs
  8 endoplasms
  3 giant cockroaches
  5 gnoll zombies (Ossuary)
  12 goblins
  3 hobgoblins
  9 jackals
  21 kobolds
  4 quokkas
  8 ball pythons
  6 frilled lizards
  A frilled lizard zombie (Crypt:2)
  2 goblin zombies (Ossuary)
  3 hobgoblin zombies (Ossuary)
  3 kobold zombies (Ossuary)
  2 orc zombies (Ossuary)
  5 rats
  5 creeping infernos
  34 fire vortices
  A lurking horror (Abyss:4)
  10 starspawn tentacles
  6 tentacles
3940 creatures vanquished.

Vanquished Creatures (others)
  An eldritch tentacle (Arena)
  A thorn hunter (Swamp:3)
  A fire giant (Geh:3)
  A draconian scorcher (Zot:2)
  2 balrugs (Geh:7)
  A juggernaut simulacrum (Coc:7)
  A caustic shrike simulacrum (Coc:7)
  A deep elf knight (Elf:1)
  A spriggan simulacrum (Coc:7)
  A goliath frog (Swamp:4)
  2 bog bodies (Swamp:1)
  2 deep elf pyromancers
  A spectral spriggan (Swamp:3)
  2 deep elf zephyrmancers
  An ugly thing (Swamp:4)
  A titan simulacrum (Coc:7)
  A golden dragon simulacrum (Coc:4)
  A tormentor (Geh:1)
  An iron giant simulacrum (Coc:7)
  3 bloated husks
  A large abomination (D:1)
  A slime creature (Slime:4)
  2 air elementals (Elf:1)
  A fire bat (Pan)
  A harpy simulacrum (Coc:7)
  A swamp worm (Swamp:4)
  A floating eye (Elf:2)
  A small abomination (D:1)
  2 naga simulacra (Coc:7)
  An orc wizard (D:9)
  A bush (Lair:5)
  5 creeping infernos
  6 foxfires (Abyss:4)
  40 fungi
  A lurking horror (Abyss:4)
  2 pillars of salt (Orc:2)
  108 plants
  15 starspawn tentacles
  18 tentacles
234 creatures vanquished.

Grand Total: 4174 creatures vanquished

Notes
Turn   | Place    | Note
-------+----------+-------------------------------------------
     0 | D:1      | sleeves the Demonspawn Monk began the quest for the Orb.
     0 | D:1      | Reached XP level 1. HP: 18/18 MP: 1/1
    88 | D:1      | Reached skill level 3 in Long Blades
   241 | D:1      | Gained mutation: You are surrounded by a mild repulsion
                  | field. (EV +2) [demonic ancestry]
   241 | D:1      | Reached XP level 2. HP: 24/24 MP: 2/2
   302 | D:1      | Found a faded altar of an unknown god.
   645 | D:2      | Gained mutation: You regenerate magic rapidly. [demonic
                  | ancestry]
   645 | D:2      | Reached XP level 3. HP: 26/29 MP: 3/3
   704 | D:2      | Noticed Sigmund
   712 | D:2      | Gained mutation: Your flesh is heat resistant. (rF+)
                  | [potion of mutation]
   712 | D:2      | Gained mutation: You are resistant to electric shocks.
                  | (rElec) [potion of mutation]
   712 | D:2      | Gained mutation: Your muscles are strong. (Str +4, Int/Dex
                  | -1) [potion of mutation]
   712 | D:2      | Gained mutation: You are robust. (+10% HP) [potion of
                  | mutation]
   712 | D:2      | HP: 15/31 [poisoned by an adder]
   716 | D:2      | HP: 7/31 [poisoned by an adder]
   880 | D:2      | Reached skill level 4 in Long Blades
  1526 | D:3      | Found a blossoming altar of Fedhas.
  1576 | D:3      | Reached XP level 4. HP: 38/38 MP: 4/4
  2258 | D:4      | Found a radiant altar of Vehumet.
  2384 | D:4      | Reached skill level 5 in Long Blades
  2419 | D:4      | Found a staircase to the Ecumenical Temple.
  2430 | Temple   | Entered the Ecumenical Temple
  2457 | Temple   | Became a worshipper of Warmaster Okawaru
  2457 | Temple   | Reached * piety under Okawaru
  2457 | Temple   | Reached ** piety under Okawaru
  2495 | D:4      | Found a sand-covered staircase.
  2498 | Ossuary  | Entered an ossuary
  2527 | Ossuary  | Noticed a scorpion
  2529 | Ossuary  | Noticed a scorpion
  2551 | Ossuary  | Killed a scorpion
  2552 | Ossuary  | Gained mutation: You are partially covered in sharp spines.
                  | [demonic ancestry]
  2552 | Ossuary  | Reached XP level 5. HP: 31/45 MP: 5/5
  2555 | Ossuary  | HP: 22/45 [human zombie (3)]
  2563 | Ossuary  | HP: 18/45 [human zombie (5)]
  2679 | Ossuary  | HP: 19/45 [scorpion (5)]
  2684 | Ossuary  | HP: 9/45 [poisoned by a scorpion]
  2685 | Ossuary  | Reached skill level 6 in Long Blades
  2847 | Ossuary  | Gained mutation: When hurt, damage is shared between your
                  | health and your magic reserves. [demonic ancestry]
  2847 | Ossuary  | Reached XP level 6. HP: 47/51 MP: 6/6
  2953 | Ossuary  | Reached skill level 7 in Long Blades
  2981 | Ossuary  | Reached *** piety under Okawaru
  3093 | Ossuary  | Gained mutation: You are surrounded by a moderate repulsion
                  | field. (EV +3) [demonic ancestry]
  3093 | Ossuary  | Reached XP level 7. HP: 46/57 MP: 7/7
  3217 | Ossuary  | Reached skill level 8 in Long Blades
  3534 | D:4      | Reached XP level 8. HP: 63/63 MP: 8/8
  3538 | D:4      | Reached **** piety under Okawaru
  3539 | D:4      | Reached skill level 9 in Long Blades
  3550 | D:4      | HP: 27/63 [orc priest/divine providence (14)]
  3558 | D:4      | HP: 28/63 [orc priest/nerve-wracking pain (1)]
  4052 | D:5      | Entered Level 5 of the Dungeon
  4071 | D:5      | Identified 3 scrolls of acquirement
  4074 | D:5      | Acquired a manual of Dodging
  4076 | D:5      | Acquired the +3 pair of seven-league boots {Rampage+∞}
  4076 | D:5      | Found the +3 pair of seven-league boots {Rampage+∞}
  4136 | D:5      | Reached skill level 3 in Dodging
  4294 | D:5      | Reached skill level 4 in Dodging
  4547 | D:5      | Reached skill level 5 in Dodging
  4853 | D:5      | Reached skill level 10 in Long Blades
  4862 | D:5      | Reached skill level 6 in Dodging
  5019 | D:5      | You fall into a shaft and drop 3 floors!
  5019 | D:8      | Found a bloodstained altar of Trog.
  5019 | D:8      | Found a snail-covered altar of Cheibriados.
  5019 | D:8      | Found a shimmering altar of Xom.
  5091 | D:8      | Noticed Joseph
  5248 | D:7      | Noticed a hornet
  5257 | D:7      | Paralysed by a hornet for 1 turns
  5258 | D:7      | Reached skill level 7 in Dodging
  5258 | D:7      | Reached XP level 9. HP: 37/69 MP: 4/9
  5259 | D:7      | HP: 33/69 [poisoned by a hornet]
  5265 | D:7      | HP: 31/69 [poisoned by a hornet]
  5444 | D:6      | Identified the +3 dagger "Z" {freeze, *Corrode rPois
                  | Will+++ Int-2}
  5452 | D:6      | Reached ***** piety under Okawaru
  5804 | D:6      | Noticed Grinder
  5819 | D:6      | Killed Grinder
  5820 | D:6      | Reached skill level 8 in Dodging
  5999 | D:6      | Found a burning altar of Makhleb.
  6047 | D:6      | Found a shimmering blue altar of Sif Muna.
  6141 | D:6      | Noticed Pikel
  6295 | D:6      | Reached skill level 11 in Long Blades
  6503 | D:6      | Reached skill level 9 in Dodging
  6697 | D:5      | Killed Pikel
  6698 | D:5      | Reached skill level 10 in Dodging
  7441 | D:7      | Gained mutation: You have a pair of small horns on your
                  | head. [demonic ancestry]
  7441 | D:7      | Reached XP level 10. HP: 72/77 MP: 10/10
  7895 | D:8      | Reached skill level 12 in Long Blades
  8229 | D:8      | Killed Joseph
  8229 | D:8      | Received a gift from Okawaru
  8680 | D:9      | Noticed Erolcha
  8687 | D:9      | Killed Erolcha
  8688 | D:9      | Reached skill level 13 in Long Blades
  8931 | D:9      | Received a gift from Okawaru
  9333 | D:10     | Entered Level 10 of the Dungeon
  9333 | D:10     | Noticed a gargoyle
  9343 | D:10     | Killed a gargoyle
  9344 | D:10     | Reached skill level 1 in Ranged Weapons
  9344 | D:10     | Reached skill level 1 in Invocations
  9369 | D:10     | Noticed a gargoyle
  9378 | D:10     | HP: 38/77 [poisoned by a killer bee]
  9516 | D:10     | Killed a gargoyle
  9517 | D:10     | Reached skill level 2 in Invocations
  9517 | D:10     | Reached XP level 11. HP: 82/82 MP: 12/12
  9643 | D:10     | Found Diatisit's Book Boutique.
  9689 | D:10     | Noticed a deep elf pyromancer
  9693 | D:10     | Killed a deep elf pyromancer
  9788 | D:10     | Found a staircase to the Orcish Mines.
  9802 | D:10     | Reached skill level 3 in Invocations
  9807 | D:10     | Reached skill level 2 in Ranged Weapons
  9841 | D:10     | Reached skill level 14 in Long Blades
  9862 | D:10     | Received a gift from Okawaru
 10055 | D:10     | Reached skill level 4 in Invocations
 10173 | D:10     | Reached skill level 3 in Ranged Weapons
 10178 | D:10     | Reached skill level 11 in Dodging
 10312 | D:11     | Noticed a purple ugly thing
 10326 | D:11     | Killed a purple ugly thing
 10327 | D:11     | Reached skill level 5 in Invocations
 10439 | D:11     | Noticed Snorg
 10562 | D:11     | Noticed a boulder beetle
 10585 | D:11     | Killed a boulder beetle
 10585 | D:11     | Reached ****** piety under Okawaru
 10597 | D:11     | Found Qapnam's Weapon Shop.
 10650 | D:11     | Killed Snorg
 10651 | D:11     | Reached skill level 4 in Ranged Weapons
 10735 | D:11     | Reached skill level 6 in Invocations
 10898 | D:11     | Found a staircase to the Lair.
 10940 | D:11     | Noticed a brown ugly thing
 10963 | D:11     | Killed a brown ugly thing
 11007 | D:11     | Noticed a purple ugly thing
 11015 | D:11     | Killed a purple ugly thing
 11298 | D:12     | Found Nouczoama's Book Shop.
 11366 | D:12     | Reached skill level 12 in Dodging
 11628 | D:12     | Received a gift from Okawaru
 11641 | D:12     | Noticed a deep elf pyromancer
 11643 | D:12     | Noticed a two-headed ogre
 11682 | D:11     | Acquired a manual of Necromancy
 11686 | D:11     | Acquired a manual of Long Blades
 11701 | Lair:1   | Entered Level 1 of the Lair of Beasts
 11738 | Lair:1   | Noticed Fannar
 11749 | Lair:1   | Killed Fannar
 11750 | Lair:1   | Reached skill level 7 in Invocations
 11750 | Lair:1   | Gained mutation: You have a pair of horns on your head.
                  | [demonic ancestry]
 11750 | Lair:1   | Reached XP level 12. HP: 82/89 MP: 17/17
 11759 | Lair:1   | Reached skill level 5 in Ranged Weapons
 11870 | Lair:1   | Found a runed translucent gate.
 11870 | Lair:1   | Found a runed translucent gate.
 11870 | Lair:1   | Found a runed translucent gate.
 11872 | Lair:1   | Noticed SprigganGuy's ghost (journeyman SpAE)
 11968 | Lair:1   | Noticed Harold
 11974 | Lair:1   | Killed Harold
 12004 | Lair:1   | Noticed Amaemon
 12009 | Lair:1   | Reached skill level 15 in Long Blades
 12009 | Lair:1   | Reached skill level 8 in Invocations
 12022 | Lair:1   | Killed Amaemon
 12337 | Lair:1   | Found a broken altar of Ashenzari.
 12480 | Lair:1   | Noticed a ten-headed hydra
 12480 | Lair:1   | Noticed a ten-headed hydra
 12555 | Lair:2   | Noticed a death yak
 12558 | Lair:2   | Reached skill level 6 in Ranged Weapons
 12561 | Lair:2   | Noticed a death yak
 12562 | Lair:2   | Noticed a death yak
 12563 | Lair:2   | Noticed a death yak
 12563 | Lair:2   | Noticed a death yak
 12564 | Lair:2   | Noticed a death yak
 12565 | Lair:2   | Identified the +5 ring mail of the Harp {god gift, Str+3}
                  | (Okawaru gifted it to you on level 2 of the Lair of Beasts)
 12565 | Lair:2   | Received a gift from Okawaru
 12582 | Lair:1   | Killed a death yak
 12583 | Lair:1   | Reached skill level 9 in Invocations
 12690 | Lair:1   | Killed a death yak
 12705 | Lair:1   | HP: 44/89 [death yak (9)]
 12714 | Lair:1   | Killed a death yak
 12927 | Lair:1   | HP: 42/89 [death yak (6)]
 12932 | Lair:1   | Killed a death yak
 12933 | Lair:1   | Reached skill level 13 in Dodging
 12936 | Lair:1   | HP: 23/89 [death yak (5)]
 12942 | Lair:1   | Killed a death yak
 13198 | Lair:2   | Killed a death yak
 13452 | Lair:2   | Gained mutation: You are surrounded by a strong repulsion
                  | field. (EV +4, RMsl) [demonic ancestry]
 13452 | Lair:2   | Reached XP level 13. HP: 93/94 MP: 20/20
 13459 | Lair:2   | Reached skill level 10 in Invocations
 13464 | Lair:2   | Reached skill level 16 in Long Blades
 13473 | Lair:2   | Reached skill level 7 in Ranged Weapons
 13715 | Lair:2   | Found a staircase to the Snake Pit.
 13843 | Lair:2   | Found a staircase to the Swamp.
 14454 | Lair:3   | Received a gift from Okawaru
 14804 | Lair:3   | Reached skill level 11 in Invocations
 15582 | Lair:3   | Found a runed translucent door.
 15582 | Lair:3   | Noticed Xeinaf's ghost (journeyman TrAr)
 15583 | Lair:3   | Identified the +10 spear of Kurro {vorpal, rN+}
 15746 | Lair:4   | Reached skill level 8 in Ranged Weapons
 15850 | Lair:4   | Found a blossoming altar of Fedhas.
 15876 | Lair:4   | Identified the +7 triple sword "Agruceak" {god gift,
                  | vorpal, Dex+3} (Okawaru gifted it to you on level 4 of the
                  | Lair of Beasts)
 15876 | Lair:4   | Received a gift from Okawaru
 15878 | Lair:4   | HP: 47/94 [death yak (9)]
 15883 | Lair:4   | HP: 45/94 [bullfrog (4)]
 16363 | Lair:4   | Reached skill level 17 in Long Blades
 17071 | Lair:5   | Entered Level 5 of the Lair of Beasts
 17235 | Lair:5   | HP: 45/94 [six-headed hydra (4)]
 17237 | Lair:5   | Reached skill level 12 in Invocations
 17404 | Lair:5   | Reached skill level 14 in Dodging
 17412 | Lair:5   | HP: 41/94 [death yak (15)]
 17413 | Lair:5   | Received a gift from Okawaru
 17414 | Lair:5   | Reached XP level 14. HP: 44/102 MP: 17/23
 17418 | Lair:5   | HP: 45/102 [death yak (1)]
 17984 | Lair:5   | Found a viscous altar of Jiyva.
 17985 | Lair:5   | Found a staircase to the Slime Pits.
 18084 | Lair:5   | Reached skill level 9 in Ranged Weapons
 18340 | Lair:5   | Reached skill level 13 in Invocations
 18371 | Lair:5   | HP: 49/102 [boulder beetle (31)]
 18560 | Lair:5   | Reached skill level 18 in Long Blades
 18646 | Lair:5   | Identified the +5 ring mail "Befyipp" {god gift, Str+2
                  | Int+3 Stlth+} (Okawaru gifted it to you on level 5 of the
                  | Lair of Beasts)
 18646 | Lair:5   | Received a gift from Okawaru
 19134 | Lair:5   | HP: 44/102 [deep troll shaman (9)]
 19146 | Lair:5   | Identified the +5 steam dragon scales "Rec Gekli" {-Cast
                  | rN+ rCorr Stlth+}
 19702 | Orc:1    | Entered Level 1 of the Orcish Mines
 19711 | Orc:1    | Reached skill level 10 in Ranged Weapons
 19726 | Orc:1    | Paralysed by an orc sorcerer for 3 turns
 19792 | Orc:1    | Found Nynkanabb's Magic Scroll Shoppe.
 20175 | Orc:1    | Found a dark tunnel.
 20186 | Volcano  | Entered a volcano
 20266 | Volcano  | Found a burning altar of Makhleb.
 20276 | Volcano  | Reached skill level 15 in Dodging
 20745 | Orc:2    | Entered Level 2 of the Orcish Mines
 20776 | Orc:2    | Received a gift from Okawaru
 20914 | Orc:2    | Gained mutation: You are mostly covered in sharp spines.
                  | [demonic ancestry]
 20914 | Orc:2    | Reached XP level 15. HP: 107/107 MP: 24/24
 20974 | Orc:2    | Found a staircase to the Elven Halls.
 20981 | Orc:2    | Found Addiapp's Magic Scroll Shop.
 21076 | Orc:2    | Paralysed by something for 2 turns
 21160 | Orc:2    | Reached skill level 19 in Long Blades
 21286 | Orc:2    | Found Dajuypol's Antique Armour Shop.
 21286 | Orc:2    | Found Nyuhas's Book Shop.
 21354 | Orc:2    | Reached skill level 11 in Ranged Weapons
 21430 | Orc:2    | HP: 51/107 [stone giant (23)]
 21435 | Orc:2    | HP: 35/107 [ettin/+0 dire flail (18)]
 21534 | Orc:2    | Found Muoh's Book Shoppe.
 21580 | Orc:2    | Found Mijal's Assorted Antiques.
 21634 | Orc:2    | Identified the +4 short sword of the Ghostly God {god gift,
                  | vorpal, Str+2 Int+7} (Okawaru gifted it to you on level 2
                  | of the Orcish Mines)
 21634 | Orc:2    | Received a gift from Okawaru
 22077 | D:12     | Reached skill level 4 in Fighting
 22641 | D:13     | Noticed Urug
 22647 | D:13     | Killed Urug
 22829 | D:13     | Reached skill level 5 in Fighting
 22957 | D:13     | Noticed Josephine
 22965 | D:13     | Killed Josephine
 22979 | D:13     | Identified the +4 pair of gloves of Masochism {god gift,
                  | rC++} (Okawaru gifted it to you on level 13 of the Dungeon)
 22979 | D:13     | Received a gift from Okawaru
 23000 | D:13     | Reached skill level 12 in Ranged Weapons
 23630 | D:14     | Reached skill level 6 in Fighting
 23743 | D:14     | Found a sparkling altar of Nemelex Xobeh.
 23970 | D:14     | Identified the +2 helmet of Insecurity {Dex+3}
 24071 | D:14     | Reached XP level 16. HP: 122/124 MP: 25/25
 24074 | Abyss:2  | Cast into level 2 of the Abyss (a wizard)
 24272 | Abyss:2  | Noticed a bone dragon
 24280 | Abyss:2  | Killed a bone dragon
 24303 | Abyss:2  | Reached skill level 7 in Fighting
 24304 | Abyss:2  | Gained mutation: You are clumsy. (Dex -2) [a neqoxec]
 24338 | D:14     | Escaped the Abyss
 24339 | D:14     | Received a gift from Okawaru
 24343 | D:14     | Found a gate to the Vaults.
 24552 | D:15     | Entered Level 15 of the Dungeon
 24552 | D:15     | Found a frozen archway.
 24569 | IceCv    | Entered an ice cave
 24740 | IceCv    | Reached skill level 20 in Long Blades
 24930 | IceCv    | Reached skill level 8 in Fighting
 24940 | IceCv    | Reached skill level 13 in Ranged Weapons
 24943 | IceCv    | Identified the +2 pair of boots "Tioshuz" {rN+ Int+3 SInv}
 25064 | D:15     | Reached skill level 4 in Armour
 25064 | D:15     | Gained mutation: You have a pair of large horns on your
                  | head. [demonic ancestry]
 25064 | D:15     | Reached XP level 17. HP: 136/136 MP: 26/26
 25310 | D:15     | Reached skill level 9 in Fighting
 25311 | D:15     | Found a staircase to the Depths.
 25352 | D:15     | Found a shimmering altar of Xom.
 25800 | Snake:1  | Entered Level 1 of the Snake Pit
 25800 | Snake:1  | Noticed Aizul
 25811 | Snake:1  | Killed Aizul
 26102 | Snake:1  | Reached skill level 2 in Stealth
 26265 | Snake:1  | Found Miunocw's CLEARANCE SALE!.
 26304 | Snake:1  | Received a gift from Okawaru
 26309 | Snake:1  | Reached skill level 5 in Armour
 26522 | Snake:1  | Identified the +5 hand axe of a bailey {elec, +Blink SInv}
 26753 | Snake:2  | Reached skill level 3 in Stealth
 26844 | Snake:2  | Reached skill level 10 in Fighting
 26866 | Snake:2  | HP: 67/140 [shock serpent (4)]
 26871 | Snake:2  | HP: 58/140 [poisoned by a naga ritualist (toxic radiance)]
 26876 | Snake:2  | HP: 49/140 [anaconda (1)]
 26878 | Snake:2  | Reached skill level 4 in Stealth
 26881 | Snake:2  | HP: 49/140 [poisoned by a naga ritualist (toxic radiance)]
 26968 | Snake:2  | Received a gift from Okawaru
 27211 | Snake:2  | Found Baotatuc's Assorted Antiques.
 27213 | Snake:2  | Found Zeto's Armour Shoppe.
 27213 | Snake:2  | Found Ruugaori's Weapon Emporium.
 27218 | Snake:2  | Found Ycse's Magic Scroll Emporium.
 27455 | Snake:3  | Reached XP level 18. HP: 149/149 MP: 28/28
 27533 | Snake:3  | Reached skill level 14 in Invocations
 27764 | Snake:3  | Reached skill level 5 in Stealth
 27815 | Snake:3  | Found Xoluoz's General Store.
 27883 | Snake:3  | Acquired the +2 pair of boots "Wywone Pevo" {rPois Slay+3}
 27909 | Snake:3  | Acquired 922 gold pieces
 27912 | Snake:3  | Acquired a manual of Ranged Weapons
 27914 | Snake:3  | Acquired a manual of Stealth
 28065 | Snake:4  | Entered Level 4 of the Snake Pit
 28347 | Snake:4  | Reached skill level 6 in Stealth
 28352 | Snake:4  | Reached skill level 14 in Ranged Weapons
 28453 | Snake:4  | Reached skill level 11 in Fighting
 28528 | Snake:4  | Reached skill level 7 in Stealth
 28537 | Snake:4  | Noticed Saint Roka
 28595 | Snake:4  | Received a gift from Okawaru
 28610 | Snake:4  | HP: 58/151 [Saint Roka/+2 vampiric great sword (25)]
 28611 | Snake:4  | Killed Saint Roka
 28612 | Snake:4  | Reached skill level 15 in Invocations
 28782 | Snake:4  | Got a serpentine rune of Zot
 29320 | Swamp:1  | Entered Level 1 of the Swamp
 29339 | Swamp:1  | Reached skill level 8 in Stealth
 29665 | Swamp:1  | Reached skill level 15 in Ranged Weapons
 29973 | Swamp:2  | HP: 63/152 [spriggan rider/+0 spear (18)]
 30053 | Swamp:2  | Reached skill level 9 in Stealth
 30061 | Swamp:2  | Identified the +8 chain mail of Honyewepp {rF++ rN++
                  | Stlth-}
 30140 | Swamp:2  | Acquired 423 gold pieces
 30400 | Swamp:2  | Reached skill level 12 in Fighting
 30646 | Swamp:3  | Reached skill level 10 in Stealth
 30654 | Swamp:3  | HP: 72/154 [thorn hunter/volley of thorns (23)]
 30660 | Swamp:3  | HP: 75/154 [ghost crab] (2)]
 30820 | Swamp:3  | Received a gift from Okawaru
 30977 | Swamp:3  | Found a runed translucent gate.
 30978 | Swamp:3  | Found a runed translucent gate.
 30988 | Swamp:3  | Found a runed translucent gate.
 31025 | Swamp:3  | HP: 76/155 [fenstrider witch (8)]
 31199 | Swamp:3  | Reached skill level 16 in Ranged Weapons
 31385 | Swamp:3  | Gained mutation: You punish those that try to bend your
                  | will. (Will+) [demonic ancestry]
 31385 | Swamp:3  | Reached XP level 19. HP: 161/161 MP: 30/30
 31395 | Swamp:3  | Noticed iguanaiguana's ghost (journeyman MeFE)
 31461 | Swamp:3  | Reached skill level 11 in Stealth
 31475 | Swamp:3  | Killed iguanaiguana's ghost
 31524 | Swamp:4  | Entered Level 4 of the Swamp
 31533 | Swamp:4  | Identified the +1 robe of Hairiness {god gift, rElec rF+}
                  | (Okawaru gifted it to you on level 4 of the Swamp)
 31533 | Swamp:4  | Received a gift from Okawaru
 31831 | Swamp:4  | Reached skill level 13 in Fighting
 32020 | Swamp:4  | Reached skill level 6 in Armour
 32038 | Swamp:4  | Reached skill level 17 in Ranged Weapons
 32173 | Swamp:4  | Got a decaying rune of Zot
 32609 | Vaults:1 | Entered Level 1 of the Vaults
 32885 | Elf:1    | Entered Level 1 of the Elven Halls
 32911 | Elf:1    | Noticed Asterion
 32921 | Elf:1    | HP: 76/159 [Asterion/+1 demon whip of draining (6)]
 32924 | Elf:1    | HP: 37/159 [balrug/+2 demon whip of flaming[Asterion] (1)]
 33035 | Elf:1    | Killed Asterion
 33144 | Elf:1    | Found Rafamewn's General Store.
 33282 | Elf:1    | Found Ciruiggi's Magic Scroll Shop.
 33317 | Elf:1    | Found Xexituimm's Book Boutique.
 33332 | Elf:1    | Found Fifauts's Antique Armour Boutique.
 33363 | Elf:1    | Found Ressustru's Antique Weapon Shoppe.
 33450 | Elf:1    | Reached skill level 7 in Armour
 33812 | Elf:2    | Reached skill level 14 in Fighting
 34020 | Elf:2    | Reached skill level 8 in Armour
 34031 | Elf:2    | Identified the +2 pair of gloves of Limitation {god gift,
                  | Contam rElec rF+ Slay+5} (Okawaru gifted it to you on level
                  | 2 of the Elven Halls)
 34031 | Elf:2    | Received a gift from Okawaru
 34116 | Elf:2    | Identified the +1 leather armour of the Skies Above {Int+5}
 34183 | Elf:2    | Found a runed translucent gate.
 34184 | Elf:2    | Found a runed translucent gate.
 34184 | Elf:2    | Found a runed translucent gate.
 34216 | Elf:2    | Found Cezxam's Antique Weapon Boutique.
 34297 | Elf:2    | Found a gateway to a bazaar.
 34330 | Bazaar   | Entered a bazaar
 34401 | Bazaar   | Found Ippi's Antique Armour Boutique.
 34405 | Bazaar   | Bought a fine cloak for 142 gold pieces
 34405 | Bazaar   | Identified the +0 cloak "Jelyngeam" {rC++} (You bought it
                  | in a shop in a bazaar)
 34418 | Bazaar   | Found Foucus's Antique Weapon Emporium.
 34449 | Bazaar   | Found Gikkas's Book Emporium.
 34670 | Elf:2    | Gained mutation: You are completely covered in sharp
                  | spines. [demonic ancestry]
 34670 | Elf:2    | Reached XP level 20. HP: 177/177 MP: 31/31
 34740 | Elf:2    | Reached skill level 9 in Armour
 34767 | Elf:2    | Reached skill level 15 in Fighting
 34915 | Elf:2    | Noticed Azrael
 34926 | Elf:2    | Killed Azrael
 34927 | Elf:2    | Reached skill level 10 in Armour
 35187 | Elf:3    | Entered Level 3 of the Elven Halls
 35263 | Elf:3    | Received a gift from Okawaru
 35344 | Elf:3    | Reached skill level 11 in Armour
 35390 | Elf:3    | Identified the +6 mace "Brush" {vorpal, *Noise rElec rF+
                  | rN+}
 35472 | Elf:3    | HP: 83/178 [???[a deep elf demonologist] (40)]
 35573 | Elf:3    | Identified the +12 scimitar "Gufallep" {flame, *Noise Str+5
                  | Stlth+}
 35616 | Elf:3    | Identified the +2 pair of boots of Conscience {god gift,
                  | rC+ Dex-2 Stlth+} (Okawaru gifted it to you on level 3 of
                  | the Elven Halls)
 35616 | Elf:3    | Received a gift from Okawaru
 35643 | Elf:3    | Identified the +10 glaive "Naixur" {vorpal, rN++ rCorr}
 35643 | Elf:3    | Identified the ring of Voretejy {Drain rF++ Str+6 SInv}
 35655 | Elf:3    | Identified the ring of Makhleb's Benevolence {rF+ Dex+6
                  | Slay+2 SInv}
 35668 | Elf:3    | Reached skill level 12 in Armour
 35789 | Elf:3    | Identified the +3 trident "Weastaesa" {antimagic, rC++}
 35815 | Elf:3    | Got the Collected Works on Frozen Combustion
 35820 | Elf:3    | Identified the +5 scale mail of Filth {rPois rCorr Stlth+}
 35837 | Elf:3    | Identified the +5 mace of Dishonesty {vorpal, rN+}
 35850 | Elf:3    | Got the Collected Works on the Iceberg
 35875 | Elf:3    | Identified the +6 longbow of Blood-Lust {freeze, Contam
                  | Will- rCorr Int+6}
 35909 | Elf:3    | Reached skill level 13 in Armour
 36725 | Vaults:1 | Identified the +1 scale mail "Duixaf" {god gift, Str+4}
                  | (Okawaru gifted it to you on level 1 of the Vaults)
 36725 | Vaults:1 | Received a gift from Okawaru
 36809 | Vaults:1 | Reached skill level 14 in Armour
 36965 | Vaults:1 | Found Epudobo's Armour Boutique.
 37007 | Vaults:1 | Reached XP level 21. HP: 167/184 MP: 29/32
 37024 | Vaults:1 | Reached skill level 15 in Armour
 37449 | Vaults:1 | Identified the +8 longbow "Kyat" {god gift, vorpal, rElec
                  | Str+2 Int+5 Dex-2} (Okawaru gifted it to you on level 1 of
                  | the Vaults)
 37449 | Vaults:1 | Received a gift from Okawaru
 37824 | Vaults:2 | Found Zougeel's Assorted Antiques.
 37861 | Vaults:2 | Bought a scroll of enchant weapon for 195 gold pieces
 37861 | Vaults:2 | Bought a scroll of teleportation for 78 gold pieces
 37861 | Vaults:2 | Bought a potion of magic for 208 gold pieces
 38019 | Vaults:2 | Reached skill level 21 in Long Blades
 38142 | Vaults:2 | Received a gift from Okawaru
 38467 | Vaults:2 | Found Vuelos's Antique Armour Shoppe.
 38725 | Vaults:2 | Reached skill level 22 in Long Blades
 38728 | Vaults:2 | Found a staircase to the Crypt.
 38922 | Vaults:2 | Noticed Boris
 38936 | Vaults:2 | Killed Boris
 39159 | Vaults:3 | Reached skill level 18 in Ranged Weapons
 39212 | Vaults:3 | Received a gift from Okawaru
 39280 | Vaults:3 | Noticed Xtahua
 39294 | Vaults:3 | Killed Xtahua
 39320 | Vaults:3 | Found a magical portal.
 39332 | Vaults:3 | Acquired a manual of Dodging
 39337 | WizLab   | Entered The Roulette of Golubria
 39337 | WizLab   | Found a transporter.
 39340 | WizLab   | Found the +1 cloak of Starlight {*Dazzle EV+4 Stlth--}
 39340 | WizLab   | Found a corrupted altar of Lugonu.
 39470 | WizLab   | Found a transporter.
 39494 | WizLab   | Found a transporter.
 39543 | WizLab   | Found a transporter.
 39610 | WizLab   | Found a transporter.
 39678 | WizLab   | Found a corrupted altar of Lugonu.
 39681 | WizLab   | Found a transporter.
 39727 | WizLab   | Found a transporter.
 39763 | WizLab   | Found a transporter.
 39852 | WizLab   | Found a transporter.
 39852 | WizLab   | Found a transporter.
 39871 | WizLab   | Found a transporter.
 39871 | WizLab   | Found a transporter.
 39873 | WizLab   | Reached XP level 22. HP: 192/192 MP: 33/33
 39945 | WizLab   | Gained mutation: Your magical capacity is low. (-10% MP) [a
                  | neqoxec]
 39958 | WizLab   | Found a transporter.
 39958 | WizLab   | Found a transporter.
 39988 | WizLab   | Identified the +1 cloak "Qoant" {rC+ rN++ Str+4}
 40021 | WizLab   | Found a transporter.
 40021 | WizLab   | Found a transporter.
 40046 | WizLab   | Found a transporter.
 40064 | WizLab   | Found a transporter.
 40111 | WizLab   | Found a transporter.
 40111 | WizLab   | Found a transporter.
 40334 | Vaults:3 | Noticed Donald
 40342 | Vaults:3 | Killed Donald
 40389 | Vaults:3 | Reached skill level 16 in Dodging
 40609 | Vaults:3 | Found Viot's Jewellery Shoppe.
 41057 | Vaults:3 | Identified the +4 scale mail of the Seven of Wands {god
                  | gift, rElec Will+ Str+9} (Okawaru gifted it to you on level
                  | 3 of the Vaults)
 41057 | Vaults:3 | Received a gift from Okawaru
 41389 | Vaults:4 | Reached skill level 17 in Dodging
 41458 | Vaults:4 | Found Wacua's General Store.
 41481 | Vaults:4 | Reached skill level 19 in Ranged Weapons
 41566 | Vaults:4 | Found Benilyer's Magic Scroll Emporium.
 41572 | Vaults:4 | Bought a scroll of teleportation for 63 gold pieces
 41601 | Vaults:4 | Identified the +7 hand axe of Gauguf {freeze, rN+}
 41705 | Vaults:4 | Found Ukaq's Assorted Antiques.
 41990 | Vaults:4 | Found a transporter.
 42002 | Vaults:4 | Found a transporter.
 42577 | Lair:1   | Killed SprigganGuy's ghost
 42581 | Lair:1   | Reached skill level 18 in Dodging
 42666 | Lair:3   | Killed Xeinaf's ghost
 42943 | Depths:1 | Entered Level 1 of the Depths
 43059 | Depths:1 | Found a gateway to Hell.
 43084 | Depths:1 | Identified the +1 pair of boots "Buxaixt" {rElec rC+ rN+
                  | Dex-4}
 43218 | Depths:1 | Identified the +2 falchion "Fimangez" {antimagic, rPois
                  | Int+4 Stlth-}
 43226 | Depths:1 | Received a gift from Okawaru
 43250 | Depths:1 | HP: 94/192 [poisoned by a green very ugly thing]
 43255 | Depths:1 | HP: 74/192 [poisoned by a green very ugly thing]
 43260 | Depths:1 | HP: 75/192 [poisoned by a green very ugly thing]
 43400 | Depths:1 | Found a one-way gate to the infinite horrors of the Abyss.
 43464 | Depths:1 | Found an iron altar of Okawaru.
 43766 | Depths:2 | Gained mutation: You are resistant to unholy torment.
                  | [demonic ancestry]
 43766 | Depths:2 | Reached XP level 23. HP: 182/199 MP: 28/30
 43807 | Depths:2 | Found a one-way gate leading to the halls of Pandemonium.
 43955 | Depths:2 | Identified the amulet of Daukk {Spirit Fragile rC+ Will+
                  | Str+2}
 43960 | Depths:2 | Identified the amulet "Ijienuli" {Spirit rElec Str+4 Dex-2}
 43961 | Depths:2 | Reached skill level 20 in Ranged Weapons
 44051 | Depths:2 | Reached skill level 19 in Dodging
 44090 | Depths:2 | Identified the +2 short sword of Volom {vorpal, Int+7}
 44096 | Depths:2 | Received a gift from Okawaru
 44238 | Depths:2 | Identified the +3 war axe "Killer Bee's Bane" {vorpal,
                  | Dex+4}
 44289 | Depths:2 | Identified the +0 pair of gloves of the Devil {+Blink
                  | rPois}
 44360 | Depths:2 | Identified the +0 kite shield "Wiorrax" {god gift, rN+}
                  | (Okawaru gifted it to you on level 2 of the Depths)
 44360 | Depths:2 | Received a gift from Okawaru
 45012 | Depths:3 | Noticed Boris
 45022 | Depths:3 | Killed Boris
 45301 | Depths:3 | Reached skill level 21 in Ranged Weapons
 45601 | Depths:3 | Found a hazy altar of Hepliaklqana.
 45658 | Depths:3 | Reached skill level 20 in Dodging
 45884 | Depths:4 | Entered Level 4 of the Depths
 45984 | Depths:4 | Found a one-way gateway to a ziggurat.
 46035 | Depths:4 | Received a gift from Okawaru
 46647 | Depths:4 | Found a gate to the Realm of Zot.
 46763 | Depths:4 | Noticed a caustic shrike
 46763 | Depths:4 | Noticed a caustic shrike
 46763 | Depths:4 | Noticed a caustic shrike
 46763 | Depths:4 | Noticed a caustic shrike
 46763 | Depths:4 | Noticed a caustic shrike
 46770 | Depths:4 | Killed a caustic shrike
 46772 | Depths:4 | Killed a caustic shrike
 46780 | Depths:4 | Killed a caustic shrike
 46782 | Depths:4 | Killed a caustic shrike
 46783 | Depths:4 | Reached skill level 22 in Ranged Weapons
 46787 | Depths:4 | Killed a caustic shrike
 46788 | Depths:4 | Gained mutation: When low on magic, you restore magic in
                  | place of health. [demonic ancestry]
 46788 | Depths:4 | Reached XP level 24. HP: 178/206 MP: 27/30
 46913 | Depths:4 | Learned a level 6 spell: Dispersal
 46917 | Depths:4 | Learned a level 3 spell: Portal Projectile
 46919 | Depths:4 | Learned a level 1 spell: Apportation
 46948 | Depths:4 | Reached skill level 1 in Spellcasting
 46948 | Depths:4 | Reached skill level 1 in Translocations
 47328 | Vaults:3 | Reached skill level 3 in Spellcasting
 47328 | Vaults:3 | Reached skill level 3 in Translocations
 47328 | Vaults:3 | Reached XP level 25. HP: 213/213 MP: 30/30
 47404 | Vaults:5 | Entered Level 5 of the Vaults
 47415 | Vaults:5 | HP: 102/213 [poisoned by a green very ugly thing]
 47420 | Vaults:5 | HP: 95/213 [poisoned by a green very ugly thing]
 47431 | Vaults:5 | HP: 105/213 [frost giant/+1 battleaxe of freezing (16)]
 47450 | Vaults:5 | Reached skill level 4 in Spellcasting
 47450 | Vaults:5 | Reached skill level 4 in Translocations
 47594 | Vaults:5 | Reached skill level 5 in Spellcasting
 47594 | Vaults:5 | Reached skill level 5 in Translocations
 47676 | Vaults:5 | Noticed an ancient lich
 47683 | Vaults:5 | Killed an ancient lich
 47738 | Vaults:5 | Noticed an ancient lich
 47746 | Vaults:5 | Killed an ancient lich
 47767 | Vaults:5 | Reached skill level 6 in Spellcasting
 47767 | Vaults:5 | Reached skill level 6 in Translocations
 47773 | Vaults:5 | Identified the +0 robe "Niacvoirch" {god gift, Harm +Blink}
                  | (Okawaru gifted it to you on level 5 of the Vaults)
 47773 | Vaults:5 | Received a gift from Okawaru
 47839 | Vaults:5 | Identified the +1 cloak of Calculation {Str+3}
 47881 | Vaults:5 | Identified the +6 quarterstaff of Pandemonium {flame, rElec
                  | rPois rC- Dex+6}
 48033 | Vaults:5 | Reached skill level 7 in Spellcasting
 48033 | Vaults:5 | Reached skill level 7 in Translocations
 48090 | Vaults:5 | Noticed Margery
 48101 | Vaults:5 | Killed Margery
 48198 | Vaults:5 | Identified the +0 ring mail of the Circus Animal {rElec
                  | rPois}
 48273 | Vaults:5 | Reached skill level 8 in Spellcasting
 48273 | Vaults:5 | Reached skill level 8 in Translocations
 48300 | Vaults:5 | Identified the ring "Ocideg" {rF- rC+ Str+6 SInv}
 48303 | Vaults:5 | HP: 91/213 [vault warden/+1 great mace of draining (18)]
 48311 | Vaults:5 | HP: 95/213 [golden dragon (1)]
 48316 | Vaults:5 | HP: 86/213 [yaktaur captain/bolt (13)]
 48569 | Vaults:5 | Found the +2 hat of the Bear Spirit {Spirit, *Rage Will++}
 48601 | Vaults:5 | Reached skill level 9 in Spellcasting
 48601 | Vaults:5 | Reached skill level 9 in Translocations
 48609 | Vaults:5 | Identified the +2 hand axe of Gitetolu {holy, rElec}
 48634 | Vaults:5 | Noticed Boris
 48649 | Vaults:5 | Killed Boris
 48651 | Vaults:5 | Received a gift from Okawaru
 48833 | Vaults:5 | Reached skill level 10 in Spellcasting
 48833 | Vaults:5 | Reached skill level 10 in Translocations
 48838 | Vaults:5 | Identified the +1 plate armour of Cathref {Fly rElec rC+
                  | Dex+3}
 49005 | Vaults:5 | Got a silver rune of Zot
 49007 | Vaults:5 | Got the Guidebook on the Mortuary Mountains
 49184 | Vaults:5 | Gained mutation: You can hurl damnation. [demonic ancestry]
 49184 | Vaults:5 | Reached XP level 26. HP: 221/221 MP: 33/33
 49601 | Slime:1  | Entered Level 1 of the Pits of Slime
 50114 | Slime:3  | You fall into a shaft and drop 1 floor!
 50124 | Slime:4  | Reached skill level 11 in Translocations
 50332 | Slime:3  | Reached skill level 12 in Translocations
 50566 | Slime:5  | Entered Level 5 of the Pits of Slime
 50656 | Slime:5  | Gained mutation: You occasionally shout uncontrollably at
                  | your foes. [a shining eye]
 50701 | Slime:5  | Reached skill level 13 in Translocations
 50947 | D:12     | Bought Great Wizards, Vol. VII for 360 gold pieces
 50952 | D:12     | Learned a level 4 spell: Passage of Golubria
 51149 | Slime:5  | Found a viscous altar of Jiyva.
 51170 | Slime:5  | Noticed the Royal Jelly
 51185 | Slime:5  | Killed the Royal Jelly
 51321 | Slime:5  | Identified the +2 spear "Petool" {elec, rCorr Str+4}
 51373 | Slime:5  | Identified the +0 cloak "Niol" {Rampage Will+ Slay-4}
 51402 | Slime:5  | Got a slimy rune of Zot
 51729 | Zot:1    | Entered Level 1 of the Realm of Zot
 51871 | Depths:4 | Voluntarily entered the Abyss.
 51897 | Abyss:2  | Found a corrupted altar of Lugonu.
 51921 | Abyss:2  | Reached skill level 14 in Translocations
 52403 | Abyss:3  | Received a gift from Okawaru
 52423 | Abyss:3  | Paralysed by accursed screaming for 1 turns
 52482 | Abyss:3  | Reached skill level 16 in Armour
 52606 | Abyss:3  | Reached skill level 15 in Translocations
 52679 | Abyss:3  | Reached skill level 17 in Armour
 52777 | Abyss:3  | Paralysed by accursed screaming for 2 turns
 52784 | Abyss:3  | Paralysed by accursed screaming for 2 turns
 52785 | Abyss:3  | HP: 65/158 [tentacled starspawn (16)]
 52843 | Abyss:4  | HP: 74/160 [starcursed mass/accursed screaming (5)]
 52849 | Abyss:4  | HP: 67/160 [bone dragon (3)]
 52894 | Abyss:4  | Reached skill level 18 in Armour
 52903 | Abyss:4  | Found a corrupted altar of Lugonu.
 52922 | Depths:4 | Escaped the Abyss
 52974 | Depths:4 | Voluntarily entered the Abyss.
 53248 | Abyss:4  | Paralysed by accursed screaming for 1 turns
 53260 | Abyss:4  | HP: 107/221 [starcursed mass/accursed screaming (7)]
 53291 | Abyss:4  | HP: 90/221 [flayed ghost/flay_damage[a shadow demon] (28)]
 53297 | Abyss:4  | Reached XP level 27. HP: 88/227 MP: 11/29
 53306 | Abyss:4  | HP: 111/227 [starcursed mass/accursed screaming (6)]
 53311 | Abyss:4  | HP: 95/227 [ghost moth (6)]
 53320 | Abyss:4  | Reached skill level 19 in Armour
 53322 | Abyss:4  | HP: 76/227 [lurking horror (20)]
 53360 | Abyss:4  | HP: 101/227 [starcursed mass/accursed screaming (7)]
 53365 | Abyss:4  | HP: 93/227 [starcursed mass/accursed screaming (3)]
 53376 | Abyss:4  | Got an abyssal rune of Zot
 53395 | Depths:4 | Escaped the Abyss
 53675 | Zot:1    | Received a gift from Okawaru
 54428 | Zot:2    | Noticed Parghit
 54446 | Zot:2    | Killed Parghit
 54458 | Zot:2    | Reached skill level 20 in Armour
 54518 | Zot:2    | Reached skill level 11 in Spellcasting
 54623 | Zot:2    | Found a transporter.
 54625 | Zot:2    | You fall into a shaft and drop 2 floors!
 54626 | Zot:4    | Acquired 949 gold pieces
 54631 | Zot:4    | Identified the +6 plate armour of Understanding {god gift,
                  | rElec Dex-4 SInv Stlth+} (Okawaru gifted it to you on level
                  | 4 of the Realm of Zot)
 54631 | Zot:4    | Received a gift from Okawaru
 54995 | Zot:3    | Reached skill level 12 in Spellcasting
 55119 | Zot:3    | Reached skill level 16 in Fighting
 55291 | Zot:2    | Found a transporter.
 55862 | Zot:3    | Reached skill level 13 in Spellcasting
 56749 | Zot:4    | Reached skill level 17 in Fighting
 57030 | Zot:4    | Identified the +11 gold dragon scales of the Wild Haggis
                  | {rPois rF+ rC+ Regen+}
 57240 | Zot:4    | Received a gift from Okawaru
 57526 | Zot:5    | Entered Level 5 of the Realm of Zot
 57702 | Zot:5    | Reached skill level 14 in Spellcasting
 58015 | Zot:5    | Noticed an ancient lich
 58024 | Zot:5    | Killed an ancient lich
 58055 | Zot:5    | Reached skill level 18 in Fighting
 58074 | Zot:5    | Noticed an orb of fire
 58077 | Zot:5    | Lost mutation: You are robust. (+10% HP) [an orb of fire]
 58082 | Zot:5    | Gained mutation: You sometimes lose your temper in combat.
                  | [an orb of fire]
 58083 | Zot:5    | Killed an orb of fire
 58085 | Zot:5    | Noticed an ancient lich
 58089 | Zot:5    | Noticed a dread lich
 58093 | Zot:5    | Killed an ancient lich
 58095 | Zot:5    | Killed a dread lich
 58152 | Zot:5    | Received a gift from Okawaru
 58180 | Zot:5    | Reached skill level 15 in Spellcasting
 58268 | Zot:5    | Reached skill level 19 in Fighting
 58287 | Zot:5    | Noticed a dread lich
 58289 | Zot:5    | Noticed an orb of fire
 58291 | Zot:5    | Noticed an orb of fire
 58294 | Zot:5    | Gained mutation: Armour fits poorly on your strangely
                  | shaped body. [an orb of fire]
 58296 | Zot:5    | Killed a dread lich
 58300 | Zot:5    | Killed an orb of fire
 58303 | Zot:5    | Killed an orb of fire
 58322 | Zot:5    | Noticed a dread lich
 58327 | Zot:5    | Killed a dread lich
 58345 | Zot:5    | Noticed an orb of fire
 58347 | Zot:5    | Gained mutation: You occasionally lose the ability to read
                  | scrolls when taking damage. [an orb of fire]
 58382 | Zot:5    | Reached skill level 20 in Fighting
 58657 | Hell     | Entered the Vestibule of Hell
 58657 | Hell     | Noticed Geryon
 58676 | Arena    | Entered the Arena
 58678 | Arena    | Killed Geryon
 58701 | Hell     | Noticed Murray
 58783 | Depths:4 | Killed Murray
 58844 | Hell     | HP: 160/336 [reaper/+3 scythe of distortion (9)]
 58855 | Hell     | HP: 108/226 [hell knight/bolt of fire (2)]
 58916 | Hell     | Received a gift from Okawaru
 58930 | Hell     | HP: 104/226 [hell knight simulacrum (10)]
 58935 | Hell     | HP: 98/226 [smoke demon (1)]
 59157 | Hell     | Found a gateway to the decaying netherworld of Tartarus.
 59255 | Hell     | Found a gateway to the ashen valley of Gehenna.
 59327 | Hell     | Found a gateway to the Iron City of Dis.
 59364 | Hell     | Reached skill level 21 in Fighting
 59412 | Hell     | Found a gateway to the freezing wastes of Cocytus.
 59492 | Hell     | Lost mutation: Your muscles are strong. (Str +4, Int/Dex
                  | -1) [potion of mutation]
 59492 | Hell     | Lost mutation: You occasionally shout uncontrollably at
                  | your foes. [potion of mutation]
 59492 | Hell     | Lost mutation: You occasionally lose the ability to read
                  | scrolls when taking damage. [potion of mutation]
 59492 | Hell     | Gained mutation: Your magical capacity is very low. (-20%
                  | MP) [potion of mutation]
 59493 | Hell     | Lost mutation: Armour fits poorly on your strangely shaped
                  | body. [potion of mutation]
 59493 | Hell     | Lost mutation: You are resistant to electric shocks.
                  | (rElec) [potion of mutation]
 59493 | Hell     | Gained mutation: You are weak. (Str -2) [potion of
                  | mutation]
 59493 | Hell     | Gained mutation: You have sharp toenails. [potion of
                  | mutation]
 59494 | Hell     | Lost mutation: You are weak. (Str -2) [potion of mutation]
 59494 | Hell     | Lost mutation: Your flesh is heat resistant. (rF+) [potion
                  | of mutation]
 59494 | Hell     | Lost mutation: You are clumsy. (Dex -2) [potion of
                  | mutation]
 59494 | Hell     | Gained mutation: You are weak. (Str -2) [potion of
                  | mutation]
 59494 | Hell     | Gained mutation: You are clumsy. (Dex -2) [potion of
                  | mutation]
 59495 | Hell     | Lost mutation: You have sharp toenails. [potion of
                  | mutation]
 59495 | Hell     | Lost mutation: You are weak. (Str -2) [potion of mutation]
 59495 | Hell     | Lost mutation: You are clumsy. (Dex -2) [potion of
                  | mutation]
 59495 | Hell     | Gained mutation: You have large cloven feet. [potion of
                  | mutation]
 59496 | Hell     | Lost mutation: You have large cloven feet. [potion of
                  | mutation]
 59496 | Hell     | Lost mutation: You sometimes lose your temper in combat.
                  | [potion of mutation]
 59496 | Hell     | Lost mutation: Your magical capacity is very low. (-20% MP)
                  | [potion of mutation]
 59496 | Hell     | Gained mutation: You are covered in fur. (AC +1) [potion of
                  | mutation]
 59496 | Hell     | Lost mutation: Your magical capacity is low. (-10% MP)
                  | [potion of mutation]
 59566 | Geh:1    | Entered Level 1 of Gehenna
 59587 | Geh:1    | Identified the +4 pair of boots of Okawaru's Displeasure
                  | {god gift, *Corrode +Inv Str+3 Stlth+} (Okawaru gifted it
                  | to you on level 1 of Gehenna)
 59587 | Geh:1    | Received a gift from Okawaru
 59606 | Geh:1    | Reached skill level 21 in Armour
 59628 | Geh:1    | HP: 104/228 [hellephant (15)]
 59636 | Geh:1    | HP: 94/228 [hellephant/blast of flame (15)]
 59642 | Geh:1    | HP: 96/228 [hell hog/fireball (3)]
 59648 | Geh:1    | HP: 96/228 [hellephant/blast of flame (6)]
 59655 | Geh:1    | HP: 94/228 [fire giant/fireball (8)]
 59662 | Geh:1    | HP: 96/228 [hell hog/fireball (1)]
 59670 | Geh:1    | HP: 104/228 [hell hog/fireball (2)]
 59682 | Geh:1    | HP: 114/228 [hell hog/fireball (4)]
 60655 | Geh:4    | Reached skill level 22 in Fighting
 60792 | Geh:4    | Reached skill level 22 in Armour
 60804 | Geh:4    | Noticed a dread lich
 60813 | Geh:4    | Killed a dread lich
 61082 | Geh:5    | HP: 102/205 [searing wretch (3)]
 61087 | Geh:5    | HP: 100/210 [poisoned by a balrug]
 61430 | Geh:7    | Entered Level 7 of Gehenna
 61598 | Geh:7    | Identified the +1 robe of the Gloaming {god gift, rC- Int+4
                  | Slay+2} (Okawaru gifted it to you on level 7 of Gehenna)
 61598 | Geh:7    | Received a gift from Okawaru
 61603 | Geh:7    | Reached skill level 16 in Invocations
 61648 | Geh:7    | Identified the +5 morningstar of Rienidd {vorpal, rF+ MP-9
                  | Dex+6}
 61789 | Geh:7    | Identified the +9 sling of Intense Defiance {flame, rF+
                  | Int+4 Dex+2 Stlth+}
 62044 | Geh:7    | Reached skill level 16 in Translocations
 62067 | Geh:7    | Reached skill level 17 in Invocations
 62181 | Geh:7    | Found the +7 sceptre of Asmodeus
 62181 | Geh:7    | Noticed Asmodeus
 62193 | Geh:7    | HP: 96/231 [hellion/damnation[Asmodeus] (21)]
 62194 | Geh:7    | Killed Asmodeus
 62198 | Geh:7    | HP: 94/231 [something (1)]
 62203 | Geh:7    | Got an obsidian rune of Zot
 62358 | Geh:7    | HP: 114/231 [Brimstone Fiend/damnation (27)]
 62500 | Dis:1    | Entered Level 1 of the Iron City of Dis
 62546 | Dis:1    | HP: 91/231 [war gargoyle/+5 flail of holy wrath (25)]
 62681 | Dis:1    | Reached skill level 21 in Dodging
 62798 | Dis:2    | Identified the +5 chain mail of Okawaru's Hatred {god gift,
                  | Int+3} (Okawaru gifted it to you on level 2 of the Iron
                  | City of Dis)
 62798 | Dis:2    | Received a gift from Okawaru
 62885 | Dis:4    | Reached skill level 18 in Invocations
 63238 | Dis:5    | HP: 108/230 [caustic shrike (9)]
 63247 | Dis:5    | HP: 99/231 [caustic shrike (12)]
 63253 | Dis:5    | Reached skill level 17 in Translocations
 63380 | Dis:6    | HP: 110/231 [Hell Sentinel (10)]
 63385 | Dis:6    | HP: 112/231 [iron golem[an iron giant] (1)]
 63390 | Hell     | HP: 78/231 [iron golem[an iron giant] (18)]
 63697 | Dis:6    | HP: 99/203 [iron golem (17)]
 63702 | Dis:6    | HP: 78/205 [quicksilver elemental/bolt of dispelling energy
                  | (28)]
 63710 | Dis:6    | HP: 59/208 [hellion/damnation (25)]
 63941 | Dis:6    | HP: 100/209 [iron golem (21)]
 63944 | Dis:6    | Reached skill level 19 in Invocations
 64106 | Dis:6    | HP: 100/213 [caustic shrike (17)]
 64249 | Dis:7    | Entered Level 7 of the Iron City of Dis
 64251 | Dis:7    | Acquired a manual of Armour
 64253 | Dis:7    | Acquired 978 gold pieces
 64423 | Dis:7    | HP: 96/206 [war gargoyle/+4 flail of protection (11)]
 64433 | Dis:7    | HP: 51/210 [ancient champion/+3 vorpal battleaxe (4)]
 64448 | Dis:7    | HP: 61/213 [war gargoyle/+4 flail of protection (8)]
 64455 | Dis:7    | HP: 48/212 [war gargoyle/+4 flail of protection (12)]
 65029 | Dis:7    | Reached skill level 20 in Invocations
 65051 | Dis:7    | Reached skill level 22 in Dodging
 65110 | Dis:7    | Identified the +2 chain mail "Gufezog" {god gift, Harm
                  | Rampage Will+ Dex+6} (Okawaru gifted it to you on level 7
                  | of the Iron City of Dis)
 65110 | Dis:7    | Received a gift from Okawaru
 65111 | Dis:7    | Reached skill level 18 in Translocations
 65176 | Dis:7    | Noticed a juggernaut
 65192 | Dis:7    | Killed a juggernaut
 65195 | Dis:7    | HP: 104/231 [iron giant/+0 dire flail (40)]
 65199 | Dis:7    | Found the +4 staff of Dispater
 65199 | Dis:7    | Noticed Dispater
 65211 | Dis:7    | HP: 78/231 [Dispater/damnation (39)]
 65286 | Arena    | Entered the Arena
 65302 | Arena    | Killed Dispater
 65407 | Dis:7    | Found the +7 Spriggan's Knife {stab, EV+4 Stlth+}
 65417 | Dis:7    | Got an iron rune of Zot
 65678 | Coc:1    | Entered Level 1 of Cocytus
 65744 | Coc:2    | Paralysed by a wendigo for 1 turns
 65831 | Coc:2    | Reached skill level 19 in Translocations
 65912 | Coc:2    | Reached skill level 12 in Stealth
 66256 | Coc:4    | Reached skill level 13 in Stealth
 66358 | Coc:4    | Paralysed by a wendigo for 1 turns
 66414 | Coc:5    | HP: 112/231 [juggernaut simulacrum (7)]
 66423 | Coc:5    | HP: 101/231 [juggernaut simulacrum (16)]
 66424 | Coc:5    | Reached skill level 14 in Stealth
 66589 | Coc:6    | Received a gift from Okawaru
 66617 | Coc:7    | Entered Level 7 of Cocytus
 66621 | Coc:7    | Reached skill level 16 in Spellcasting
 66826 | Coc:7    | Noticed the Serpent of Hell
 66838 | Coc:7    | Killed the Serpent of Hell
 66839 | Coc:7    | Reached skill level 15 in Stealth
 66935 | Coc:7    | Paralysed by a wendigo for 1 turns
 66954 | Coc:7    | HP: 115/231 [frost giant/bolt of cold (7)]
 66961 | Coc:7    | HP: 86/231 [Ice Fiend/bolt of cold (13)]
 66974 | Coc:7    | HP: 76/231 [??? (11)]
 67346 | Coc:7    | Paralysed by a wendigo for 1 turns
 67350 | Coc:7    | Paralysed by a wendigo for 1 turns
 67362 | Coc:7    | Reached skill level 16 in Stealth
 67362 | Coc:7    | Reached skill level 17 in Spellcasting
 67377 | Coc:7    | Found the ring of the Octopus King {rN+ HP+2 AC+2 EV+2
                  | SH+2}
 67545 | Coc:7    | Noticed Antaeus
 67576 | Arena    | Entered the Arena
 67577 | Arena    | HP: 115/231 [Antaeus (6)]
 67582 | Arena    | HP: 105/231 [Antaeus (1)]
 67587 | Arena    | HP: 49/231 [Antaeus (15)]
 67595 | Arena    | Killed Antaeus
 67595 | Arena    | Identified the +2 arbalest of the Eel {god gift, elec, rF+
                  | rN+ MP+9} (Okawaru gifted it to you in the Arena)
 67595 | Arena    | Received a gift from Okawaru
 67677 | Coc:7    | Got an icy rune of Zot
 67682 | Coc:7    | Identified the +1 cloak of the Unbroken {rF+}
 67799 | Tar:1    | Entered Level 1 of Tartarus
 67824 | Tar:1    | Reached skill level 17 in Stealth
 67951 | Tar:1    | Identified the +9 hand axe "Yluwk" {god gift, pain, rN+
                  | Will+ Dex+4} (Okawaru gifted it to you on level 1 of
                  | Tartarus)
 67951 | Tar:1    | Received a gift from Okawaru
 67983 | Tar:2    | Noticed a dread lich
 67986 | Tar:2    | Reached skill level 18 in Spellcasting
 68002 | Hell     | Killed a dread lich
 68002 | Hell     | HP: 103/231 [reaper/+1 vorpal scythe[a doom hound] (16)]
 68007 | Hell     | HP: 82/231 [poison (dark miasma)]
 68021 | Hell     | HP: 55/231 [reaper/+2 scythe of protection[a doom hound]
                  | (16)]
 68270 | Tar:2    | You fall into a shaft and drop 2 floors!
 68369 | Tar:4    | HP: 95/223 [???[a doom hound] (18)]
 68374 | Tar:4    | HP: 55/222 [Tzitzimitl[a doom hound] (6)]
 68601 | Tar:4    | Reached skill level 18 in Stealth
 68604 | Tar:4    | Identified the +3 scale mail of Untruth {god gift, -Tele
                  | *Slow Fly rF++} (Okawaru gifted it to you on level 4 of
                  | Tartarus)
 68604 | Tar:4    | Received a gift from Okawaru
 68790 | Tar:4    | HP: 114/231 [??? (21)]
 68982 | Tar:6    | HP: 82/205 [spectral juggernaut (22)]
 68991 | Tar:6    | HP: 75/209 [spectral juggernaut (6)]
 69178 | Tar:7    | Entered Level 7 of Tartarus
 69205 | Tar:7    | Reached skill level 19 in Spellcasting
 69406 | Tar:7    | HP: 94/207 [??? (15)]
 69411 | Tar:7    | HP: 93/209 [putrid mouth] (1)]
 69416 | Tar:7    | HP: 59/213 [poisoned by a putrid mouth (dark miasma)]
 69421 | Tar:7    | HP: 57/213 [poison (dark miasma)]
 69426 | Tar:7    | HP: 66/213 [poison (dark miasma)]
 69431 | Tar:7    | HP: 62/216 [poison (dark miasma)]
 69436 | Tar:7    | HP: 59/219 [tainted leviathan] (3)]
 69440 | Tar:7    | HP: 29/221 [poison (dark miasma)]
 69462 | Tar:7    | HP: 42/218 [putrid mouth/foul vapour (1)]
 69471 | Tar:7    | HP: 41/218 [something] (1)]
 69485 | Tar:7    | HP: 55/218 [poisoned by a putrid mouth (dark miasma)]
 69490 | Tar:7    | HP: 50/219 [poisoned by a putrid mouth (dark miasma)]
 69684 | Tar:7    | tat: why not just Duel?
 69745 | Tar:7    | sleeves: when
 69755 | Tar:7    | tat: instead of burning 3 blink scrolls
 69763 | Tar:7    | Reached skill level 19 in Stealth
 69794 | Tar:7    | sleeves: i could have yeah
 70291 | Tar:7    | Noticed Ereshkigal
 70305 | Tar:7    | Killed Ereshkigal
 70315 | Tar:7    | HP: 115/231 [poisoned by a tainted leviathan (dark miasma)]
 70320 | Tar:7    | HP: 111/231 [poisoned by a tainted leviathan (dark miasma)]
 70325 | Tar:7    | HP: 84/231 [poisoned by a tainted leviathan (dark miasma)]
 70446 | Tar:7    | Identified the ring of Ahutadapt {Wiz rC+ rCorr MP+9}
 70448 | Tar:7    | Identified the ring "Soegioh" {rPois rCorr Str+3}
 70451 | Tar:7    | Got a bone rune of Zot
 70456 | Tar:7    | Identified the +5 falchion "Pimeitwu" {vorpal, Fragile
                  | rElec MP-9 Int+8}
 70594 | Tar:7    | Received a gift from Okawaru
 70595 | Tar:7    | Reached skill level 20 in Spellcasting
 70768 | Pan      | Entered Pandemonium
 70837 | Pan      | Reached skill level 20 in Stealth
 71124 | Pan      | Noticed Lyewet the pandemonium lord
 71138 | Pan      | Killed Lyewet the pandemonium lord
 71151 | Pan      | Gained mutation: You have large cloven feet. [a neqoxec]
 71231 | Pan      | Entered the realm of Mnoleg.
 71233 | Pan      | Gained mutation: You are weak. (Str -2) [a cacodemon]
 71239 | Pan      | Gained mutation: You are frail. (-10% HP) [a neqoxec]
 71309 | Pan      | Noticed Mnoleg
 71320 | Arena    | Entered the Arena
 71323 | Arena    | Killed Mnoleg
 71324 | Arena    | Reached skill level 21 in Stealth
 71345 | Pan      | Gained mutation: You have hidden genetic defects. [a
                  | cacodemon]
 71348 | Pan      | Gained mutation: You occasionally lose the ability to drink
                  | potions when taking damage. [a cacodemon]
 71354 | Pan      | Received a gift from Okawaru
 71379 | Pan      | Got a glowing rune of Zot
 71380 | Pan      | Lost mutation: You occasionally lose the ability to drink
                  | potions when taking damage. [potion of mutation]
 71380 | Pan      | Lost mutation: You are frail. (-10% HP) [potion of
                  | mutation]
 71380 | Pan      | Lost mutation: You have hidden genetic defects. [potion of
                  | mutation]
 71380 | Pan      | Gained mutation: You expend magic power (3 MP) to
                  | strengthen your wands. [potion of mutation]
 71380 | Pan      | Gained mutation: You sometimes lose your temper in combat.
                  | [potion of mutation]
 71380 | Pan      | Gained mutation: You have hidden genetic potential. [potion
                  | of mutation]
 71381 | Pan      | Lost mutation: You have large cloven feet. [potion of
                  | mutation]
 71381 | Pan      | Lost mutation: You are weak. (Str -2) [potion of mutation]
 71381 | Pan      | Lost mutation: You are covered in fur. (AC +1) [potion of
                  | mutation]
 71381 | Pan      | Gained mutation: Your system is resistant to poisons.
                  | (rPois) [potion of mutation]
 71390 | Pan      | Lost mutation: You sometimes lose your temper in combat.
                  | [potion of mutation]
 71390 | Pan      | Lost mutation: Your system is resistant to poisons. (rPois)
                  | [potion of mutation]
 71390 | Pan      | Gained mutation: You possess an exceptional clarity of
                  | mind. [potion of mutation]
 71428 | Pan      | Found an exit through the horrors of the Abyss.
 71438 | Pan      | Took an exit into the Abyss.
 71438 | Abyss:4  | Escaped into the Abyss
 71536 | Depths:2 | Escaped the Abyss
 71538 | Pan      | Entered the realm of Gloorx Vloq.
 71538 | Pan      | Entered Pandemonium
 71769 | Pan      | Noticed Gloorx Vloq
 71782 | Pan      | HP: 114/231 [??? (21)]
 71785 | Arena    | Entered the Arena
 71786 | Arena    | Killed Gloorx Vloq
 71787 | Arena    | Reached skill level 22 in Stealth
 71787 | Arena    | Reached skill level 2 in Evocations
 71787 | Arena    | HP: 90/231 [something (4)]
 71817 | Pan      | Got a dark rune of Zot
 71953 | Pan      | Noticed Kuidghuhu the pandemonium lord
 71955 | Pan      | Reached skill level 1 in Necromancy
 71956 | Pan      | HP: 113/231 [hellion/damnation (22)]
 72010 | Pan      | Reached skill level 2 in Necromancy
 72043 | Pan      | Killed Kuidghuhu the pandemonium lord
 72043 | Pan      | Identified the +1 pair of gloves "Ryggatan" {god gift, rF+
                  | Slay+3} (Okawaru gifted it to you in Pandemonium)
 72043 | Pan      | Received a gift from Okawaru
 72044 | Pan      | Reached skill level 3 in Necromancy
 72052 | Pan      | Reached skill level 4 in Necromancy
 72069 | Pan      | HP: 114/231 [hellion/damnation (15)]
 72072 | Pan      | Reached skill level 5 in Necromancy
 72225 | Pan      | Reached skill level 6 in Necromancy
 72319 | Pan      | HP: 104/231 [Hell Sentinel/damnation (20)]
 72321 | Pan      | Reached skill level 7 in Necromancy
 72426 | Pan      | Got a demonic rune of Zot
 72427 | Pan      | Identified the amulet "Mivuem" {RegenMP rElec rN+}
 72442 | Pan      | Reached skill level 8 in Necromancy
 72586 | Pan      | Entered the realm of Lom Lobon.
 72616 | Pan      | Found an exit through the horrors of the Abyss.
 72628 | Pan      | Reached skill level 9 in Necromancy
 72697 | Pan      | Reached skill level 10 in Necromancy
 72741 | Pan      | Reached skill level 11 in Necromancy
 72778 | Pan      | Reached skill level 12 in Necromancy
 72816 | Pan      | Noticed Lom Lobon
 72827 | Pan      | Killed Lom Lobon
 72828 | Pan      | Reached skill level 13 in Necromancy
 72851 | Pan      | Got a magical rune of Zot
 72877 | Pan      | Reached skill level 14 in Necromancy
 73002 | Pan      | Entered the realm of Cerebov.
 73072 | Pan      | Reached skill level 15 in Necromancy
 73121 | Pan      | Found the +6 sword of Cerebov {flame}
 73121 | Pan      | Noticed Cerebov
 73144 | Pan      | HP: 114/231 [Cerebov/the +6 sword of Cerebov {flame} (33)]
 73147 | Pan      | Killed Cerebov
 73149 | Pan      | HP: 111/231 [poisoned by a balrug]
 73157 | Pan      | Reached skill level 16 in Necromancy
 73191 | Pan      | Got a fiery rune of Zot
 73401 | Pan      | Learned a level 4 spell: Manifold Assault
 73440 | Pan      | Learned a level 8 spell: Borgnjor's Revivification
 73493 | Pan      | Received a gift from Okawaru
 73534 | Pan      | Found a transporter.
 73769 | Pan      | Found an exit through the horrors of the Abyss.
 73773 | Pan      | Took an exit into the Abyss.
 73773 | Abyss:4  | Escaped into the Abyss
 73773 | Abyss:4  | Found a transporter.
 73773 | Abyss:4  | Found a corrupted altar of Lugonu.
 73773 | Abyss:4  | Found a corrupted altar of Lugonu.
 73773 | Abyss:4  | Found a transporter.
 73785 | Abyss:4  | Reached skill level 17 in Necromancy
 73794 | Abyss:4  | Identified the ring "Ewkoof Waguz" {Contam Will+ AC+4
                  | Slay+5}
 74005 | Abyss:4  | Noticed a dread lich
 74010 | Abyss:4  | Killed a dread lich
 74077 | Depths:2 | Escaped the Abyss
 74301 | Crypt:1  | Entered Level 1 of the Crypt
 74339 | Crypt:1  | Reached skill level 18 in Necromancy
 74540 | Vaults:4 | Gained mutation: Your mind is acute. (Int +4, Str/Dex -1)
                  | [hidden potential]
 74553 | Vaults:4 | Identified the -1 helmet of the Baker {rElec}
 74892 | Snake:2  | Bought a scroll of blinking for 150 gold pieces
 74892 | Snake:2  | Bought a scroll of enchant weapon for 150 gold pieces
 74892 | Snake:2  | Bought a scroll of magic mapping for 150 gold pieces
 74892 | Snake:2  | Bought a scroll of teleportation for 60 gold pieces
 74892 | Snake:2  | Bought a scroll of teleportation for 60 gold pieces
 75016 | Orc:1    | Bought a scroll of blinking for 82 gold pieces
 75016 | Orc:1    | Bought a scroll of teleportation for 33 gold pieces
 75016 | Orc:1    | Bought a scroll of magic mapping for 82 gold pieces
 75016 | Orc:1    | Bought a scroll of fear for 44 gold pieces
 75406 | Crypt:2  | Noticed Khufu
 75409 | Crypt:2  | Noticed a royal mummy
 75418 | Crypt:2  | Killed a royal mummy
 75422 | Crypt:2  | Noticed Mennas
 75622 | Crypt:1  | Reached skill level 19 in Necromancy
 75708 | Crypt:3  | Entered Level 3 of the Crypt
 75777 | Crypt:3  | Found a staircase to the Tomb.
 75781 | Tomb:1   | Entered Level 1 of the Tomb of the Ancients
 75877 | Tomb:1   | Reached skill level 20 in Necromancy
 76005 | Tomb:1   | Noticed a royal mummy
 76009 | Tomb:1   | Noticed a royal mummy
 76015 | Tomb:1   | Killed a royal mummy
 76021 | Tomb:1   | Killed a royal mummy
 76150 | Tomb:2   | Noticed a royal mummy
 76152 | Tomb:2   | Noticed a royal mummy
 76155 | Tomb:2   | Identified the +4 falchion of Magnificence {god gift,
                  | vorpal, rF+} (Okawaru gifted it to you on level 2 of the
                  | Tomb of the Ancients)
 76155 | Tomb:2   | Received a gift from Okawaru
 76160 | Tomb:2   | Noticed a royal mummy
 76162 | Tomb:2   | Killed a royal mummy
 76163 | Tomb:2   | Reached skill level 21 in Necromancy
 76167 | Tomb:2   | Killed a royal mummy
 76169 | Tomb:2   | Noticed a royal mummy
 76171 | Tomb:2   | Noticed a royal mummy
 76175 | Tomb:2   | HP: 114/231 [mummy priest/divine providence (11)]
 76179 | Tomb:2   | Killed a royal mummy
 76181 | Tomb:2   | HP: 68/231 [death scarab (15)]
 76320 | Tomb:2   | Killed a royal mummy
 76326 | Tomb:2   | Killed a royal mummy
 76380 | Tomb:2   | Reached skill level 22 in Necromancy
 76499 | Tomb:2   | HP: 112/226 [??? (19)]
 76503 | Tomb:2   | HP: 39/226 [ancient champion/iron shot (33)]
 76869 | Tomb:3   | Entered Level 3 of the Tomb of the Ancients
 76919 | Tomb:3   | Noticed a royal mummy
 76926 | Tomb:3   | HP: 101/211 [mummy priest/divine providence (6)]
 76933 | Tomb:3   | Killed a royal mummy
 76933 | Tomb:3   | HP: 77/206 [??? (12)]
 76934 | Tomb:3   | Reached skill level 23 in Necromancy
 76938 | Tomb:2   | HP: 46/209 [poisoned by an ushabti (dark miasma)]
 76943 | Tomb:2   | HP: 42/210 [poisoned by an ushabti (dark miasma)]
 77090 | Tomb:3   | Noticed a royal mummy
 77090 | Tomb:3   | Noticed a royal mummy
 77091 | Tomb:3   | Noticed a royal mummy
 77093 | Tomb:3   | HP: 91/213 [flayed ghost/flay_damage[a mummy priest] (29)]
 77097 | Tomb:3   | Killed a royal mummy
 77098 | Tomb:3   | HP: 88/210 [ushabti] (8)]
 77098 | Tomb:3   | Noticed a royal mummy
 77101 | Tomb:3   | HP: 43/210 [poisoned by an ushabti (dark miasma)]
 77101 | Tomb:3   | Killed a royal mummy
 77105 | Tomb:3   | HP: 19/213 [ushabti] (7)]
 77142 | Tomb:2   | HP: 67/211 [torment (9)]
 77162 | Tomb:2   | Received a gift from Okawaru
 77275 | Tomb:2   | Learned a level 8 spell: Necromutation
 77287 | Tomb:3   | Noticed a royal mummy
 77291 | Tomb:3   | Noticed a royal mummy
 77291 | Tomb:3   | HP: 99/213 [??? (19)]
 77291 | Tomb:3   | Noticed a royal mummy
 77292 | Tomb:3   | Noticed a royal mummy
 77296 | Tomb:3   | Killed a royal mummy
 77296 | Tomb:3   | HP: 54/213 [spore (4)]
 77299 | Tomb:3   | HP: 24/213 [royal mummy/divine providence (8)]
 77562 | Tomb:3   | HP: 100/213 [ushabti (9)]
 77565 | Arena    | Entered the Arena
 77567 | Arena    | HP: 56/213 [death scarab[a royal mummy] (7)]
 77568 | Arena    | Killed a royal mummy
 77569 | Arena    | Reached skill level 1 in Transmutations
 77579 | Tomb:3   | HP: 105/213 [ushabti] (12)]
 77580 | Arena    | Entered the Arena
 77585 | Arena    | Killed a royal mummy
 77585 | Arena    | HP: 53/213 [something (16)]
 77610 | Tomb:3   | Reached skill level 2 in Transmutations
 77614 | Tomb:3   | Found the +3 Elemental Staff {rElec rF++ rC++ AC+5}
 77627 | Tomb:3   | Reached skill level 24 in Necromancy
 77627 | Tomb:3   | Killed a royal mummy
 77627 | Tomb:3   | HP: 103/213 [torment (18)]
 77633 | Tomb:3   | HP: 83/213 [royal mummy/divine providence (13)]
 77636 | Tomb:3   | Killed a royal mummy
 77637 | Tomb:3   | Reached skill level 3 in Transmutations
 77646 | Tomb:3   | HP: 58/213 [ushabti/vile air (1)]
 77648 | Tomb:3   | Gained mutation: You have sharp toenails. [hidden
                  | potential]
 77648 | Tomb:3   | Lost mutation: You have hidden genetic potential. [hidden
                  | potential expressed]
 77649 | Tomb:3   | HP: 26/213 [??? (3)]
 77813 | Tomb:3   | Killed a royal mummy
 77844 | Tomb:3   | Learned a level 3 spell: Lesser Beckoning
 77859 | Tomb:3   | Identified the ring of Entrepreneurial Spirit {rPois rCorr
                  | Slay-2 Stlth+}
 77862 | Tomb:3   | Identified the ring of Qeregyix {rC+ rN++ MP-9 Int+3 Dex+6}
 77972 | Tomb:3   | Got a golden rune of Zot
 78219 | Crypt:3  | Reached skill level 4 in Transmutations
 78682 | Zot:5    | Got the Orb of Zot
 78911 | Depths:1 | Noticed Qeyzaol the pandemonium lord
 78914 | Depths:1 | Killed Qeyzaol the pandemonium lord
 79250 | D:2      | Killed Sigmund
 79267 | D:2      | Reached skill level 5 in Transmutations
 79339 | D:1      | Noticed Qoutin the pandemonium lord
 79344 | D:1      | Killed Qoutin the pandemonium lord
 79374 | D:1      | Noticed Ycudorol the pandemonium lord
 79381 | D:1      | Killed Ycudorol the pandemonium lord
 79395 | D:$      | Escaped with the Orb!

Illustrated notes

Levels and vault maps discovered:
D:1:      minmay_arrival_split_and_join, layout_rooms,
          shapermc_ecumenical_altar_pompeii, minivault_11
D:2:      layout_basic, serial_forest, infiniplex_forest_lined_room_,
          infiniplex_forest_straight_3, infiniplex_forest_clump_double,
          infiniplex_forest_clump_tiny, infiniplex_forest_lined_corner,
          uniq_sigmund
D:3:      minmay_skewed_foursquare, layout_loops_ring, fedhas_altar_2
D:4:      layout_cave_pools, kennysheep_mini_moat,
          minmay_temple_entry_crystal_x, lightli_ossuary_entry_decrepit_ruins,
          minmay_misc_feat_x, hangedman_abyss_or_decor_lesser_grid,
          dreamdust_princess_bridge, nicolae_concentric_dashed_squares_wild
D:5:      layout_gridville, serial_undead, serial_undead_a, serial_undead_a,
          serial_undead_e, serial_undead_d, chequers_mini_garden,
          serial_park_tiny_2
D:6:      layout_layer_cave, kennysheep_mini, bloody_makhleb, uniq_grinder,
          uniq_pikel
D:7:      layout_basic
D:8:      layout_rooms, grunt_temple_overflow_open, serial_corexii_hall,
          corexii_hall_statues_s, corexii_hall_statues_s, enter_bailey_2,
          uniq_joseph
D:9:      layout_loops_cross, uniq_erolcha
D:10:     layout_cave_pools, kennysheep_orc_monster_closet_entryway,
          serial_shops, shop, kennysheep_small_square
D:11:     layout_long_grid, lair_entry_dummy, serial_shops, shop, minivault_25,
          grunt_ministairs_14, uniq_snorg
D:12:     layout_loops_corners, serial_shops, nicolae_stop_n_shop_2
D:13:     layout_layer_cave, uniq_urug, uniq_josephine
D:14:     layout_long_grid, david_vaults_1, nemelex_spade_bored_becter
D:15:     grunt_enter_depths_hoard, layout_small_grid, xom_teletrap_fun,
          portal_ice_cave_entry_pillars_1
Temple:   minmay_freezing_vapour_temple
Lair:1:   layout_chaotic_city, gammafunk_ghost_hydra_chop, basic_altar,
          serial_bayou_pond_c, serial_bayou_pond_d, grunt_megastairs_3,
          uniq_fannar, uniq_amaemon, uniq_harold
Lair:2:   layout_misc_corridors, swamp_mist, minmay_snake_entry_six_corridors,
          nicolae_lair_grazing_beasts [nicolae_sub_lair_graze_edge,
          nicolae_sub_lair_graze_edge, nicolae_sub_lair_graze_edge,
          nicolae_sub_lair_graze_edge]
Lair:3:   layout_hall_layers, ebering_ghost_funeral_grove, beast_lair_carwin_10
Lair:4:   layout_gridlike, hangedman_tree_tricks, serial_bayou_shore_b,
          lemuel_fruit_fields
Lair:5:   grunt_lair_end_beastmaster, layout_long_grid,
          nicolae_slime_entry_slimehenge, chequers_serial_rivers_small_a,
          minmay_shattered_shrine
Swamp:1:  layout_basic_swamp, hangedman_swamp_ruin_hall, swamp_pool1,
          nicolae_swamp_necromancy_gone_wrong
Swamp:2:  layout_basic_swamp, nicolae_swamp_tree_isthmus, swamp_pool5
Swamp:3:  layout_basic_swamp, gammafunk_ghost_necromancy,
          evilmike_swamp_ruin_house_5
Swamp:4:  swamp_vile, layout_basic_swamp, infiniplex_staircase_pool
Snake:1:  layout_cave_shapes, st_stairs_14, nicolae_shop_clearance, uniq_aizul
Snake:2:  layout_misc_corridors, minmay_shoptagon
Snake:3:  layout_cave_shapes, serial_shops, nicolae_take_the_stairs,
          grunt_megastairs_2, serial_bayou_shore_b
Snake:4:  johnstein_snake_rune_scales, layout_onion_interference,
          uniq_saint_roka
Slime:1:  layout_caves, basic_altar
Slime:2:  layout_caves
Slime:3:  layout_caves
Slime:4:  layout_caves
Slime:5
Orc:1:    layout_diamond_mine, basic_altar, serial_shops, nicolae_shop_stone,
          nicolae_volcano_entry_two_sided
Orc:2:    hellmonk_orc_salted, layout_diamond_mine, basic_altar, serial_shops,
          nicolae_shop_waterfront
Elf:1:    eino_elf_arrival_shootout, layout_gridlike, serial_shops, shop,
          nicolae_shop_behind_doors, shop, nicolae_shop_advertising_works
          [nicolae_subvault_shop_adworks], shop, minivault_28, uniq_asterion
Elf:2:    nicolae_elf_blades_crystal_corner, layout_loops_cross, serial_shops,
          statue_bzr, nicolae_shop_overgrown_old_shop, onia_ninara_cookie,
          uniq_azrael
Elf:3:    grunt_elf_hall_spiral, layout_geoelf_diagonals, minivault_15,
          minivault_5, serial_sigils_hangedman_scratch
Vaults:1: v_misc_24, v_misc_32, hangedman_vaults_river_flow, v_misc_25,
          nicolae_vaults_what_the_h, ontoclasm_vaults_idyll,
          vaults_mumra_hexcomb, vaults_room_mumra_shop_pool, v_misc_13,
          v_misc_17, st_more_cells, grunt_vaults_hallway_short,
          ontoclasm_vaults_twist, layout_vaults_omnigrid
Vaults:2: vaults_room_boxed, vaults_standard_mumra_enter_the_diamond,
          minmay_crypt_entry_simple_box, hangedman_vaults_nodes,
          vaults_standard_mumra_enter_the_diamond,
          nicolae_vaults_border_crossing, vaults_room_guarded_vault,
          ontoclasm_vaults_misaligned, vaults_room_hallway,
          layout_vaults_omnicross, serial_shops, nicolae_shop_hallway_plus,
          nicolae_shop_temple_entry_statues_fountains, uniq_boris
Vaults:3: mu_enter_wizlab_3, vaults_mumra_minichess_inversion, vaults_mumra_hex,
          dpeg_vaults_monster_box, layout_vaults_chaotic_city, serial_shops,
          shop, uniq_xtahua, uniq_donald
Vaults:4: vaults_standard_mumra_x, vaults_room_octagon,
          ontoclasm_vaults_claustrophobia, nicolae_vaults_stairing_the_circle,
          hangedman_vaults_slice, hangedman_vaults_locks, v_misc_2,
          gammafunk_sealed_arena, v_misc_27, ontoclasm_vaults_gateway,
          v_misc_24, layout_vaults_omnibox, serial_shops, shop, shop_statue,
          nicolae_shop_hallway_plus
Vaults:5: serial_shops, uniq_margery
Crypt:1:  layout_catacombs
Crypt:2:  layout_gridlike, serial_corexii_hall, chequers_hall_statues_corner_a,
          corexii_hall_statues_l, corexii_hall_statues_t,
          chequers_hall_statues_corner_a, corexii_hall_statues_x,
          chequers_hall_statues_corner_a, uniq_josephina, uniq_khufu,
          uniq_mennas
Crypt:3:  due_elkab, layout_chaotic_city, nicolae_tomb_entry_rubble_hallway
Tomb:1
Tomb:2
Tomb:3
Depths:1: layout_cave_shapes, nicolae_tso_swordbearing_angel, abyss_entry,
          pf_hell_entry_tar_river, serial_sigils_hangedman_gut, drop_trap,
          moated_statue, eino_tiny_chamber, serial_bayou_ford_a,
          okawaru_gym_becter
Depths:2: minmay_the_grid_4x2 [minmay_the_grid_minigrid_small,
          minmay_the_grid_all_tris, minmay_the_grid_dragon_a,
          minmay_the_grid_zigzag_pyramid, minmay_the_grid_minigrid_large,
          minmay_the_grid_tri_star, minmay_the_grid_empty,
          minmay_the_grid_prize_diamond_cup], layout_honeycomb, pan_entry,
          hell_entry, minmay_swirly_circle, infiniplex_staircase_pool_2
Depths:3: minmay_thinvault, layout_cross, abyss_entry_crystal, hell_entry,
          roderic_serpentine_path, nicolae_hepliaklqana_monster_ancestors,
          serial_bayou_shore_b
Depths:4: grunt_zot_entry_bicorn, layout_honeycomb, enter_ziggurat_b,
          minmay_room_of_horrors, hell_entry, moated_statue
Hell
Dis:1:    layout_gridville
Dis:2:    layout_jigsaw
Dis:3:    layout_gridville, lemuel_dis_dragons
Dis:4:    layout_overlapping_boxes, nicolae_dis_fourth_circle
Dis:5:    layout_subdivisions
Dis:6:    layout_jigsaw
Dis:7:    dis_hangedman
Geh:1:    nicolae_geh_lava_swirls, layout_gehenna_pools_box
Geh:2:    layout_gehenna_lava_caves
Geh:3:    layout_gehenna_pools_basic
Geh:4:    nicolae_geh_erupted_tower, layout_gehenna_pools_triple
Geh:5:    layout_gehenna_lava_caves
Geh:6:    layout_gehenna_pools_triple, nicolae_geh_single_fiery_grave
Geh:7:    geh_hangedman
Coc:1:    layout_cocytus_water_paths, serial_ice
Coc:2:    nicolae_coc_through_the_icewall, layout_cocytus_water_paths
Coc:3:    layout_ice_bergs
Coc:4:    layout_cocytus_delve
Coc:5:    layout_cocytus_water_paths
Coc:6:    layout_cocytus_water_paths
Coc:7:    coc_hangedman
Tar:1:    layout_grid_maze, nicolae_tar_spectre_spectrum
Tar:2:    layout_grid_maze, nicolae_tar_honey_rotating
Tar:4:    nicolae_tar_honey_stairs, layout_cathedral_of_symmetry
Tar:5:    nicolae_tar_funeral_procession, layout_cathedral_of_symmetry
Tar:6:    nicolae_hells_demon_pit, layout_cathedral_of_symmetry,
          nicolae_tar_cuneiform_to_be
Tar:7:    tar_minmay_river
Zot:1:    layout_gridlike
Zot:2:    gammafunk_dig_for_victory, layout_misc_corridors, grunt_megastairs_5,
          uniq_parghit
Zot:3:    layout_cathedral_of_symmetry, hangedman_zot_wheel_spokes,
          grunt_megastairs_4
Zot:4:    layout_onion_interference
Zot:5:    layout_misc_corridors, hangedman_zot_decor_slant, st_stairs_8

Skill      XL: |  1  2  3  4  5  6  7  8  9 10 11 12 13 14 15 16 17 18 19 20 21 22 23 24 25 26 27 |
---------------+----------------------------------------------------------------------------------+-----
Long Blades    | 3 4 5 6 7 8 10 11 13 14 15 17 18 19 20 22 | 22.0
Dodging        | 7 10 12 13 14 15 18 20 22 | 22.0
Ranged Weapons | 1 4 6 8 10 12 13 16 17 18 19 22 | 22.0
Invocations    | 2 7 9 12 13 15 20 | 20.1
Fighting       | 6 8 10 12 14 15 22 | 22.0
Armour         | 4 5 8 14 15 18 22 | 22.0
Stealth        | 4 10 11 22 | 22.0
Spellcasting   | 3 10 20 | 20.0
Translocations | 3 10 15 19 | 19.0
Evocations     | 2 |  2.3
Necromancy     | 24 | 24.6
Transmutations | 5 |  5.8

Action                   |  1- 3 |  4- 6 |  7- 9 | 10-12 | 13-15 | 16-18 | 19-21 | 22-24 | 25-27 || total
-------------------------+-------+-------+-------+-------+-------+-------+-------+-------+-------++-------
Melee: Falchion          |   112 |   214 |   486 |   197 |       |       |       |       |       ||  1009
       Punch             |       |     5 |     8 |     4 |       |       |       |       |       ||    17
       Headbutt          |       |       |       |   152 |   259 |   225 |   285 |   234 |  1143 ||  2298
       Great sword       |       |       |       |   416 |   294 |       |       |       |       ||   710
       Triple sword      |       |       |       |       |   679 |   846 |   961 |   780 |  3271 ||  6537
 Fire: Longbow           |       |       |       |       |    81 |     8 |   377 |   105 |  2568 ||  3139
       Hand crossbow     |       |       |       |       |     2 |       |       |       |       ||     2
       Triple crossbow   |       |       |       |       |       |       |       |       |   480 ||   480
 Cast: Passage of Golubr |       |       |       |       |       |       |       |       |     4 ||     4
       Portal Projectile |       |       |       |       |       |       |       |       |     8 ||     8
       Manifold Assault  |       |       |       |       |       |       |       |       |    16 ||    16
       Apportation       |       |       |       |       |       |       |       |       |     1 ||     1
       Borgnjor's Revivi |       |       |       |       |       |       |       |       |     1 ||     1
       Dispersal         |       |       |       |       |       |       |       |       |     1 ||     1
Invok: Heroism           |       |       |     1 |     5 |     7 |     6 |     8 |     3 |    46 ||    76
       Finesse           |       |       |       |       |       |       |       |       |    13 ||    13
       Duel              |       |       |       |       |       |       |       |       |     7 ||     7
Evoke: Wand              |       |       |       |     3 |       |       |       |       |     2 ||     5
  Use: Potion            |     2 |       |     1 |     2 |       |     2 |       |     1 |    78 ||    86
       Scroll            |       |       |    13 |    12 |     6 |    12 |     5 |       |    57 ||   105
 Stab: Sleeping          |     7 |     3 |     1 |       |     6 |    14 |       |     2 |    14 ||    47
       Invisible         |     1 |       |       |     5 |       |       |       |       |     4 ||    10
       Distracted        |       |       |     1 |       |       |     1 |     2 |     3 |    13 ||    20
       Petrified         |       |       |       |       |     4 |       |       |       |       ||     4
       Petrifying        |       |       |       |       |     2 |       |       |       |       ||     2
       Confused          |       |       |       |       |       |     1 |       |       |       ||     1
Armor: Robe              |     9 |     9 |       |       |       |       |       |       |       ||    18
       Ring mail         |       |    32 |    52 |    64 |   146 |    53 |       |       |       ||   347
       Scale mail        |       |       |    64 |    16 |       |       |       |       |   119 ||   199
       Leather armour    |       |       |       |    35 |       |       |       |       |       ||    35
       Troll leather arm |       |       |       |    25 |       |       |       |       |       ||    25
       Steam dragon scal |       |       |       |       |    85 |   105 |       |       |       ||   190
       Chain mail        |       |       |       |       |       |   123 |   527 |   238 |  1188 ||  2076
       Quicksilver drago |       |       |       |       |       |       |       |     4 |       ||     4
       Gold dragon scale |       |       |       |       |       |       |       |       |   261 ||   261
Dodge: Dodged            |    75 |   157 |   276 |   462 |  1113 |   872 |   982 |   736 |  4609 ||  9282
       Repelled          |       |       |       |       |     7 |    23 |    37 |    10 |   154 ||   231

Table legend: (Time is in decaauts)
 A = Elapsed time spent in this place.
 B = Non-inter-level travel time spent in this place.
 C = Inter-level travel time spent in this place.
 D = Time resting spent in this place.
 E = Time spent auto-exploring this place.
 F = Levels seen in this place.
 G = Mean time per level.
                   A        B        C        D        E       F      G
               +--------+--------+--------+--------+--------+-----+--------+
         Total |  77468 |  68388 |   9080 |   6905 |  39580 | 118 |  656.5 |
       Dungeon |  15269 |  13053 |   2216 |    548 |   9653 |  15 | 1017.9 |
        Temple |     32 |     32 |      0 |      0 |     20 |   1 |   32.0 |
          Lair |   8967 |   7549 |   1418 |    537 |   5223 |   5 | 1793.4 |
         Swamp |   3079 |   2934 |    145 |    262 |   1815 |   4 |  769.8 |
     Snake Pit |   3502 |   3235 |    267 |    122 |   2368 |   4 |  875.5 |
    Slime Pits |   1081 |    868 |    213 |      3 |    318 |   5 |  216.2 |
  Orcish Mines |   2091 |   1828 |    263 |     90 |   1246 |   2 | 1045.5 |
   Elven Halls |   3467 |   3171 |    296 |    116 |   1921 |   3 | 1155.7 |
        Vaults |   7913 |   6556 |   1357 |      5 |   4560 |   5 | 1582.6 |
         Crypt |    693 |    488 |    205 |      9 |    247 |   3 |  231.0 |
          Tomb |   2306 |   1980 |    326 |    711 |    374 |   3 |  768.7 |
        Depths |   4962 |   4341 |    621 |    284 |   3128 |   4 | 1240.5 |
          Hell |   1159 |   1022 |    137 |    259 |    380 |   1 | 1159.0 |
           Dis |   2813 |   2610 |    203 |   1189 |    338 |   7 |  401.9 |
       Gehenna |   2646 |   2483 |    163 |    285 |    967 |   7 |  378.0 |
       Cocytus |   1976 |   1839 |    137 |    282 |    692 |   7 |  282.3 |
      Tartarus |   2669 |   2250 |    419 |   1242 |    162 |   6 |  444.8 |
           Zot |   5173 |   4485 |    688 |      2 |   3352 |   5 | 1034.6 |
         Abyss |   1926 |   1926 |      0 |     79 |    694 |   7 |  275.1 |
   Pandemonium |   2929 |   2929 |      0 |    514 |    877 |  12 |  244.1 |
        Bazaar |    145 |    145 |      0 |      0 |    117 |   1 |  145.0 |
       Ossuary |    986 |    986 |      0 |    316 |    328 |   1 |  986.0 |
      Ice Cave |    432 |    432 |      0 |     23 |    229 |   1 |  432.0 |
       Volcano |    258 |    258 |      0 |      0 |     87 |   1 |  258.0 |
        Wizlab |    835 |    835 |      0 |      0 |    479 |   1 |  835.0 |
         Arena |    148 |    148 |      0 |     24 |      0 |   7 |   21.1 |
               +--------+--------+--------+--------+--------+-----+--------+

Top non-repeatable levels by time:
  Lair:5: 2462 daAuts
  Lair:3: 1902 daAuts
Vaults:1: 1839 daAuts
Depths:4: 1822 daAuts
  Lair:1: 1697 daAuts
Vaults:5: 1670 daAuts
Vaults:2: 1581 daAuts
  Lair:2: 1551 daAuts
Vaults:3: 1504 daAuts
   Tar:7: 1479 daAuts
   Zot:3: 1430 daAuts
  Lair:4: 1354 daAuts
   Elf:3: 1347 daAuts
     D:6: 1334 daAuts
Vaults:4: 1317 daAuts
